 Dungeon Crawl Stone Soup version 0.17-a0-1617-gfba1302 (webtiles) character file.

14777805 Gorice the Conqueror (level 27, 199/199 HPs)
             Began as a Gargoyle Wanderer on July 19, 2015.
             Was the Champion of the Shining One.
             Escaped with the Orb
             ... and 15 runes on Aug 1, 2015!
             The game lasted 12:38:15 (107284 turns).

Gorice the Conqueror (Gargoyle Wanderer)          Turns: 107284, Time: 12:38:16

Health: 199/199    AC: 80    Str: 23    XL:     27
Magic:  54/54      EV:  9    Int: 10    God:    the Shining One [******]
Gold:   17995      SH:  0    Dex:  5    Spells: 8 memorised, 33 levels left

rFire  + + .     SeeInvis +     h - +9 executioner's axe (holy)
rCold  + . .     Clarity  .     W - +11 gold dragon armour of Makhleb's Whim {rPois rF+ rC+ Regen+ MP+9 Int-5 Dex-4}
rNeg   + + +     SustAt   .     (no shield)
rPois  ∞         Gourm    .     D - +2 helmet
rElec  +         Spirit   .     T - +2 cloak of the Thief {+Fog Slay-2 SInv Stlth+}
rCorr  .         Warding  .     i - +2 pair of gloves
rMut   +         Stasis   .     p - +2 pair of boots {run}
MR     ++++.                    S - amulet of the Cuttlefish {rMut rPois rF+}
Stlth  ..........               B - ring "Duloomomp" {+Inv +Fly rN+++ MR++ Dex-2}
                                k - ring of Robustness {AC+8}

@: flying, glowing, quick, incredibly resistant to hostile enchantments,
extremely unstealthy
A: big wings, clumsy 1, negative energy resistance 1, electricity resistance,
unbreathing, petrification resistance, rot immunity, AC +20
a: Stop Flying, Divine Shield, Cleansing Flame, Summon Divine Warrior, Renounce
Religion, Evoke Fog, Evoke Invisibility
0: Orb of Zot
}: 15/15 runes: decaying, serpentine, slimy, silver, golden, iron, obsidian,
icy, bone, abyssal, demonic, glowing, magical, fiery, dark


You escaped.
You worshipped the Shining One.
The Shining One was exalted by your worship.
You were not hungry.

You visited 18 branches of the dungeon, and saw 95 of its levels.
You visited Pandemonium 7 times, and saw 34 of its levels.
You visited the Abyss 4 times.
You also visited: Labyrinth, Trove, Sewer, Volcano and Wizlab.

You collected 19420 gold pieces.
You spent 1425 gold pieces at shops.

Inventory:

Hand weapons
 a - a +7 executioner's axe of freezing
   (You acquired it on level 8 of the Dungeon)
 b - the +6 battleaxe "Transmigrator" {flame, rF+ rC++}
   (You found it on level 2 of the Lair of Beasts)

   It has been specially enchanted to burn those struck by it, causing extra
   injury to most foes and up to half again as much damage against particularly
   susceptible opponents.
   Big, fiery blades are also staple armaments of hydra-hunters.
   It protects you from fire.
   It greatly protects you from cold.
 h - a +9 executioner's axe of holy wrath (weapon)
   (You subdued it on level 2 of the Elven Halls)
Missiles
 e - 31 javelins (quivered)
 o - 2 silver javelins
 Y - 8 throwing nets
 Z - 5 silver tomahawks
Armour
 i - a +2 pair of gloves (worn)
 p - a +2 pair of boots of running (worn)
   (You bought it in a shop on level 4 of the Dungeon)
 D - a +2 helmet (worn)
 H - a +2 hat of intelligence
   (You found it on level 3 of the Tomb of the Ancients)
 T - the +2 cloak of the Thief (worn) {+Fog Slay-2 SInv Stlth+}
   (You found it on level 7 of the Dungeon)

   It affects your accuracy and damage with ranged weapons and melee attacks
   (-2).
   It lets you see invisible.
   It can be evoked to emit clouds of fog.
   It makes you more stealthy.
 W - the +11 gold dragon armour of Makhleb's Whim (worn) {rPois rF+ rC+ Regen+ MP+9 Int-5 Dex-4}
   (You found it in a treasure trove)

   It affects your intelligence (-5).
   It affects your dexterity (-4).
   It protects you from fire.
   It protects you from cold.
   It protects you from poison.
   It affects your magic capacity (+9).
   It increases your rate of regeneration.
Rods
 L - a +6 lightning rod (14/14) {!a}
   (You took it off a vault sentinel on level 5 of the Vaults)
Jewellery
 c - an uncursed amulet of stasis
 k - the ring of Robustness (left hand) {AC+8}
   (You found it on level 7 of Gehenna)

   [ring of protection]

   It affects your AC (+8).
 w - an uncursed amulet of resist corrosion
 B - the ring "Duloomomp" (right hand) {+Inv +Fly rN+++ MR++ Dex-2}
   (You found it on level 6 of the Pits of Slime)

   [ring of flight]

   It affects your dexterity (-2).
   It renders you almost immune to negative energy.
   It affects your resistance to hostile enchantments.
   It lets you turn invisible.
   It lets you fly.
 M - an uncursed ring of sustain attributes
 O - the ring "Wuymee Ofav" {+Inv rElec rF+ rC+}
   (You found it on level 6 of the Pits of Slime)

   [ring of protection from cold]

   It protects you from fire.
   It protects you from cold.
   It insulates you from electricity.
   It lets you turn invisible.
 S - the amulet of the Cuttlefish (around neck) {rMut rPois rF+}
   (You found it on level 5 of the Realm of Zot)

   [amulet of resist mutation]

   It protects you from mutation.
   It protects you from fire.
   It protects you from poison.
 X - an uncursed ring of teleportation
Magical devices
 d - a wand of teleportation (6) {!d}
 s - a wand of disintegration (9)
 A - a wand of digging (13)
 C - a wand of hasting (9) {!d}
Scrolls
 f - 8 scrolls of magic mapping {!r}
 l - 42 scrolls of remove curse
 r - 25 scrolls of identify
 t - 7 scrolls of recharging
 v - 7 scrolls of blinking
 x - 4 scrolls of holy word {!r}
 y - 3 scrolls of silence {!r}
 K - 9 scrolls of fog
 R - 18 scrolls of teleportation {!r}
Potions
 g - 55 potions of curing
 j - 5 potions of cancellation {!q}
 q - 9 potions of heal wounds {!q}
 u - 16 potions of agility {!q}
 z - 4 potions of resistance {!q}
 I - 2 potions of cure mutation {!q}
 N - 5 potions of haste {!q}
 Q - 11 potions of magic {!q}
 U - 5 potions of might {!q}
Miscellaneous
 E - a lamp of fire
 F - a phial of floods
 G - a fan of gales
 V - a phantom mirror
Comestibles
 m - 64 fruits
 n - 24 meat rations {!e}
 P - 28 bread rations {!e}


   Skills:
 O Level 27 Fighting
 - Level 26.0 Axes
 - Level 2.4(19.4) Maces & Flails
 - Level 21.5 Throwing
 - Level 22.4 Armour
 - Level 18.4 Dodging
 - Level 14.0 Stealth
   Level 1.1 Shields
 - Level 18.5 Spellcasting
 - Level 21.0 Charms
 - Level 2.6 Summonings
 * Level 22.3 Translocations
 - Level 13.4 Invocations
 - Level 15.6 Evocations


You had 33 spell levels left.
You knew the following spells:

 Your Spells              Type           Power        Failure   Level  Hunger
a - Passage of Golubria   Tloc           N/A          1%          4    ###....
b - Controlled Blink      Tloc           N/A          12%         7    #######
c - Spectral Weapon       Hex/Chrm       ####....     3%          3    None
B - Summon Butterflies    Summ           ##......     30%         1    None
H - Haste                 Chrm           ######..     2%          6    ######.
J - Blink                 Tloc           N/A          1%          2    None
P - Phase Shift           Tloc           ######....   1%          5    #####..
S - Swiftness             Chrm/Air       ####....     1%          2    None


Dungeon Overview and Level Annotations

Branches:
Dungeon (15/15)            Temple (1/1) D:5            Lair (8/8) D:9
  Swamp (4/4) Lair:4        Snake (4/4) Lair:4        Slime (6/6) Lair:7
    Orc (4/4) D:12            Elf (3/3) Orc:3        Vaults (5/5) D:14
  Crypt (3/3) Vaults:3       Tomb (3/3) Crypt:3      Depths (5/5) D:15
   Hell (1/1)                 Dis (7/7) Hell            Geh (7/7) Hell
    Coc (7/7) Hell            Tar (7/7) Hell            Zot (5/5) Depths:5

Altars:
Ashenzari
Cheibriados
Dithmenos
Elyvilon
Fedhas
Gozag
Kikubaaqudgha
Makhleb
Nemelex Xobeh
Okawaru
Qazlal
Ru
Sif Muna
Trog
Vehumet
Xom
Yredelemnul
Zin
The Shining One
Beogh
Jiyva

Shops:
D:4 [   D:7 *(   D:10 ?   Orc:3 (   Orc:4 ?*[*   Elf:3 (   Snake:3 *
Vaults:4 *   Depths:2 *   Depths:3 [

Portals:
Hell: Depths:1 Depths:2 Depths:3 Depths:4 Depths:5
Abyss: Depths:2 Depths:3 Depths:4
Pandemonium: Depths:1 Depths:3
Ziggurat: Depths:5

Annotations:
Elf:3 exclusion: door


Innate Abilities, Weirdness & Mutations

You are resistant to torment.
Your stone body is resilient (AC +20).
You are immune to poison.
Your large and strong wings let you fly indefinitely.
You resist negative energy.
You are resistant to electric shocks.
You can survive without breathing.
You are immune to petrification.
You are immune to rotting.
You are clumsy. (Dex -2)


Message History

You closely miss Javvas.
Javvas is severely wounded.
Javvas hits you but does no damage.
You barely miss Javvas.
Javvas is severely wounded.
Javvas hits you but does no damage.
You hit Javvas.
Javvas convulses.
Javvas is severely wounded.
Javvas hits you.
Damage: 3 (max 7)
You hit Javvas.
Javvas convulses.
Javvas is severely wounded.
Javvas hits you but does no damage. x2
You hit Javvas.
Javvas convulses.
Javvas is almost dead.
Javvas hits you but does no damage.
You miss Javvas.
Javvas is almost dead.
Javvas hits you.
Damage: 6 (max 7)
You slice Javvas!!
Javvas convulses!!
Javvas is almost dead.
You barely miss the small abomination. Javvas hits you but does no damage.
You carve Javvas like a ham!!!
You kill Javvas!
The Shining One accepts your kill.
You feel better.
You completely miss the small abomination.
The small abomination hits you but does no damage.
You slice the small abomination!!
You destroy the small abomination!
The Shining One accepts your kill.
No target in view!
There is an escape hatch in the ceiling here.
A mysterious force pulls you upwards. The hatch slams shut behind you.
There is a stone staircase leading up here.
You fly upwards.
There is a stone staircase leading down here.
A soul eater comes into view.
A blue devil comes into view.
The blue devil hits you but does no damage.
You slash the blue devil!
The blue devil convulses!
The blue devil is severely wounded.
The blue devil hits you but does no damage.
You slice the blue devil!!
You kill the blue devil!
The Shining One accepts your kill.
No target in view!
There is a staircase leading out of the dungeon here.
You have escaped!

##* ####...###............
#≈###...........3........#
#≈≈≈≈.....................
#≈≈≈..≈...............)...
#≈≈≈≈≈≈..........#......##
#≈≈≈≈≈...........#.....###
#≈≈≈≈.≈..........##.......
#≈≈≈≈≈≈...........####.###
#≈≈≈≈≈≈..@........# ##.###
#≈≈≈≈≈≈≈≈.........# #.....
#≈≈≈≈≈≈≈≈..≈.....## #.#...
#≈≈≈≈≈≈≈≈≈.≈≈....# #...##
#≈≈≈≈≈≈≈≈≈≈..≈≈≈.# #####
#≈≈≈≈≈≈≈≈≈≈≈≈≈.≈##
#≈≈≈≈≈≈≈≈≈≈≈≈≈≈≈#
#≈≈≈≈≈≈≈≈≈≈≈≈≈≈≈#*
#≈≈≈≈≈≈≈≈≈≈≈≈≈≈≈≈#**


You could see a soul eater.

Vanquished Creatures
  Cerebov (Pan)
  Asmodeus (Geh:7)
  Ereshkigal (Tar:7)
  the Serpent of Hell (Dis:7)
  Mnoleg (Pan)
  Lom Lobon (Pan)
  Dispater (Dis:7)
  5 ancient liches
  An orb of fire (Zot:5)
  28 greater mummies
  Sojobo (Crypt:2)
  3 shard shrikes
  Frederick (Depths:4)
  Saint Roka (Snake:3)
  Vashnia (Snake:3)
  2 curse toes
  A Killer Klown (Zot:5)
  3 caustic shrikes (Depths:4)
  6 golden dragons
  Geryon (Hell)
  12 pandemonium lords
  A pearl dragon (Depths:1)
  Nikola (Swamp:3)
  A profane servitor (Abyss:1)
  Jory (Crypt:2)
  the Enchantress (Depths:1)
  Xtahua (Vaults:2)
  14 bone dragons
  The ghost of HEYYEYAAE the Warrior, a mighty DrBe of Trog (Slime:6)
  13 liches
  5 electric golems
  22 Brimstone Fiends
  15 tentacled monstrosities
  24 Orb Guardians
  21 Ice Fiends
  12 Hell Sentinels
  6 quicksilver dragons
  2 deep elf blademasters
  20 Shadow Fiends
  3 deep elf master archers (Elf:3)
  26 Executioners
  11 sphinxes
  11 titans
  12 acid blobs
  5 thorn hunters
  7 tentacled starspawn (Abyss:1)
  6 warmongers (Pan)
  6 ancient champions
  Frances (Vaults:1)
  10 shadow dragons
  Kirke (D:15)
  8 tengu reavers
  12 storm dragons
  3 revenants
  A draconian monk (Zot:2)
  12 daevas
  4 azure jellies (Slime:6)
  10 greater nagas
  Wiglaf (Vaults:1)
  20 fire giants
  12 iron dragons
  Donald (Swamp:3)
  12 frost giants
  5 draconian knights
  Maud (Orc:4)
  17 vault wardens
  9 deep elf sorcerers
  2 ghost moths
  3 draconian scorchers
  49 balrugs
  Aizul (Snake:2)
  Louise (Vaults:1)
  6 curse skulls
  A draconian zealot (Zot:5)
  16 ironheart preservers
  21 cacodemons
  9 ghouls
  3 draconian shifters
  10 draconian annihilators
  20 angels (Pan)
  48 reapers
  26 war gargoyles
  4 spriggan defenders
  8 ophanim
  17 very ugly things
  26 stone giants
  A draconian caller (Zot:2)
  14 corrupters (Pan)
  An elemental wellspring (Coc:2)
  4 deep elf demonologists
  7 vampire knights
  4 green draconians
  7 salamander firebrands
  18 apis
  A dire elephant (Abyss:3)
  6 bennus
  6 blood saints (Pan)
  Azrael (D:15)
  2 salamander stormcallers
  7 black draconians
  16 deep elf annihilators
  9 mottled draconians
  11 lorocyprocas
  15 purple draconians
  8 yellow draconians
  6 red draconians
  15 black suns (Pan)
  8 eidola
  7 white draconians
  19 green deaths
  10 deep elf death magi
  35 blizzard demons
  7 chaos champions (Pan)
  7 quicksilver dragon zombies
  12 ettins
  22 mummy priests
  15 crystal guardians
  4 death oozes (Slime:6)
  13 fire dragons
  Josephine (D:13)
  A minotaur (Lab)
  11 great orbs of eyes
  2 jiangshi
  30 vault guards
  15 yaktaur captains
  A kraken zombie (Coc:4)
  4 entropy weavers
  8 death cobs
  21 hydras
  Fannar (Orc:2)
  An entropy weaver (shapeshifter) (Depths:4)
  Harold (Lair:1)
  8 rakshasas
  4 quicksilver dragon skeletons
  23 naga warriors
  2 catoblepae
  14 deep elf high priests
  24 ice dragons
  12 monstrous demonspawn (Pan)
  10 anacondas
  9 statues (WizLab)
  14 ogre magi
  3 spriggan air magi
  7 hell beasts (Pan)
  9 centaur warriors
  A ghost crab (Swamp:4)
  4 death knights
  19 dancing weapons
  9 deep troll shamans
  4 death yaks (Lair:8)
  6 tengu warriors
  10 alligators
  9 titan zombies
  27 naga sharpshooters
  10 deep troll earth magi
  7 thrashing horrors
  3 vampire magi
  Urug (D:13)
  5 shock serpents
  5 spriggan berserkers
  3 holy swine (Pan)
  64 sun demons
  21 hell hogs
  An orc high priest (Orc:3)
  10 iron trolls
  Sonja (D:13)
  15 iron golems
  4 storm dragon zombies
  129 skeletal warriors
  9 spriggans
  18 deep elf knights
  3 titan skeletons
  26 hell knights
  10 gelid demonspawn (Pan)
  5 golden dragon zombies
  23 soul eaters
  69 death scarabs
  A fire crab (Vaults:2)
  4 salamander mystics
  2 ghost moth zombies
  40 ice devils
  A quicksilver dragon simulacrum (Hell)
  A spatial maelstrom (Abyss:1)
  11 flayed ghosts
  3 ball lightnings (Pan)
  7 storm dragon skeletons
  9 unseen horrors
  16 shadow wraiths
  11 putrid demonspawn (Pan)
  An anubis guard (shapeshifter) (Vaults:5)
  3 sea snakes (Snake:2)
  21 shadow demons
  8 cherubim (Pan)
  9 anaconda zombies
  6 giant orange brains
  4 swamp dragons
  11 deep elf summoners
  11 naga ritualists
  6 hill giants
  An ice statue (Pan)
  2 shambling mangroves
  12 infernal demonspawn (Pan)
  2 tengu zombies
  An obsidian statue (Zot:5)
  28 deep trolls
  4 shadow dragon zombies
  2 lindwurms (Lair:8)
  2 anaconda skeletons
  18 orc knights
  17 ironbrand convokers
  24 deep elf conjurers
  18 phantasmal warriors
  6 golden dragon skeletons
  8 torturous demonspawn (Pan)
  An orb spider (shapeshifter) (Vaults:2)
  4 wizards
  21 necromancers
  6 harpies
  3 wolf spiders
  5 shadow dragon skeletons
  5 iron dragon zombies
  An orc sorcerer (Elf:2)
  A worldbinder (Abyss:1)
  5 wolf spider zombies
  7 stone giant zombies
  26 anubis guards
  3 mana vipers (Snake:1)
  2 water nymphs (Abyss:3)
  7 manticores
  3 shining eyes
  17 salamanders
  3 fire giant zombies
  5 frost giant zombies
  12 oklob plants
  8 griffons
  48 ugly things
  3 apocalypse crabs (Abyss:1)
  2 sphinx skeletons
  5 hornets
  38 black mambas
  52 orange demons
  5 iron dragon skeletons
  5 fire giant skeletons
  9 guardian serpents
  58 smoke demons
  7 frost giant skeletons
  22 moths of wrath
  7 cyclopes
  26 sixfirhies
  22 naga magi
  3 shock serpent zombies
  4 dire elephant zombies
  11 stone giant skeletons
  23 elephants
  29 rust devils
  19 vault sentinels
  Psyche (D:9)
  28 hellions
  2 storm dragon simulacra (Coc:7)
  2 titan simulacra (Coc:7)
  A black mamba (shapeshifter) (Vaults:2)
  An orange crystal statue (Depths:2)
  5 torpor snails (Lair:8)
  3 dire elephant skeletons
  5 spectral swamp worms (Depths:5)
  An emperor scorpion zombie (Coc:6)
  3 gargoyles
  A green draconian zombie (Dis:6)
  3 molten gargoyles
  3 eyes of devastation
  62 hellwings
  A kobold demonologist (D:13)
  2 yaktaurs (shapeshifter)
  2 yaktaur zombies
  5 shock serpent skeletons
  A jumping spider (Depths:3)
  13 komodo dragons
  13 demonic crawlers (Pan)
  3 fire drakes
  A green draconian skeleton (Crypt:1)
  A red draconian skeleton (Crypt:2)
  20 deep elf priests
  25 spiny frogs
  2 tengu conjurers
  An entropy weaver zombie (Crypt:1)
  49 yaktaurs
  5 anaconda simulacra
  40 guardian mummies
  A sea snake skeleton (Crypt:1)
  2 ancient zymes (Abyss:1)
  A harpy zombie (Coc:4)
  42 tormentors
  12 efreet
  A silent spectre (Tar:1)
  16 hydra zombies
  52 red devils
  A merfolk (shapeshifter) (Vaults:4)
  A wind drake (shapeshifter) (Vaults:5)
  10 trolls
  20 two-headed ogres
  6 giant leeches
  A polar bear (Lair:8)
  A sphinx simulacrum (Vaults:4)
  17 freezing wraiths
  31 blue devils
  5 harpy skeletons
  2 jumping spiders (shapeshifter)
  103 slime creatures
  A blink frog (shapeshifter) (Vaults:3)
  A minotaur skeleton (Geh:7)
  7 hydra skeletons
  7 alligator zombies
  10 blink frogs
  6 boulder beetles
  6 ice dragon zombies
  18 bog bodies
  A trapdoor spider zombie (D:13)
  2 air elementals (Depths:4)
  5 raiju (Abyss:1)
  An iron dragon simulacrum (Crypt:2)
  A death drake skeleton (Crypt:2)
  3 fire dragon zombies
  160 flying skulls
  19 ushabtiu
  4 tarantellas
  33 ynoxinuls
  34 wraiths
  8 ettin zombies
  A frost giant simulacrum (Vaults:4)
  Sigmund (D:2)
  2 fire dragon skeletons
  A redback (shapeshifter) (Depths:4)
  13 vampires
  5 alligator skeletons
  15 starcursed masses
  A trapdoor spider (shapeshifter) (Vaults:4)
  44 deep elf magi
  A fire giant simulacrum (Crypt:1)
  16 redbacks
  67 yaks
  A trapdoor spider (Lab)
  6 ettin skeletons
  22 humans (D:14)
  A stone giant simulacrum (Crypt:2)
  6 ice dragon skeletons
  12 water elementals
  13 fire bats
  3 chaos spawn
  A wyvern (Lair:8)
  36 deep elf fighters
  Eustachio (D:5)
  3 hogs (D:15)
  14 hippogriffs
  22 shadows
  7 basilisks
  A human simulacrum (Vaults:3)
  34 neqoxecs
  22 fire elementals
  6 hungry ghosts
  6 golden eyes
  Grum (D:8)
  An emperor scorpion simulacrum (Coc:6)
  49 large abominations
  4 spatial vortices
  13 wargs
  25 swamp worms
  A redback simulacrum (Vaults:2)
  4 insubstantial wisps
  2 mottled dragons
  12 porcupines
  Edmund (D:6)
  4 hydra simulacra
  69 nagas
  21 vampire mosquitoes
  20 water moccasins
  57 hell hounds
  A putrid demonspawn zombie (Tar:7)
  9 wolves
  5 spiny frog zombies
  7 sky beasts
  5 eyes of draining
  2 merfolk skeletons (Coc:2)
  A black bear (D:12)
  7 ice beasts
  53 ogres
  2 manticore zombies
  An elephant zombie (Crypt:2)
  A lindwurm zombie (Crypt:1)
  55 orc warriors
  2 ice beasts (shapeshifter)
  4 spiny frog skeletons
  A swamp dragon zombie (Tar:3)
  An alligator simulacrum (Coc:6)
  A black bear (shapeshifter) (Vaults:3)
  4 snapping turtle zombies
  7 swamp drakes
  20 wasps
  An ogre (shapeshifter) (Vaults:1)
  8 phantoms
  9 boggarts
  23 centaurs
  3 snapping turtle skeletons
  An eye of draining (shapeshifter) (Vaults:4)
  7 human skeletons
  3 manticore skeletons
  3 spiny frog simulacra
  7 brain worms
  A swamp dragon skeleton (Crypt:3)
  4 big kobolds
  25 necrophages
  14 crocodiles
  17 giant frogs
  Blork the orc (D:5)
  2 human zombies
  2 elf zombies
  25 small abominations
  A deep troll simulacrum (Vaults:3)
  8 scorpions
  A water moccasin skeleton (Crypt:1)
  A spriggan zombie (Tar:7)
  4 killer bees (D:13)
  A manticore simulacrum (Crypt:2)
  A troll zombie (Crypt:3)
  59 wights
  5 quasits
  A troll skeleton (Tar:4)
  5 electric eels
  4 centaur zombies
  17 crimson imps
  2 giant frog zombies
  26 jellies
  A giant frog skeleton (D:12)
  15 iron imps
  27 orc wizards
  6 centaur skeletons
  21 orc priests
  A black bear skeleton (Crypt:2)
  3 gnoll shamans
  6 hounds
  14 worker ants
  13 iguanas
  A felid zombie (Crypt:2)
  27 sheep
  A big kobold zombie (Crypt:2)
  A dwarf zombie (Crypt:1)
  A naga zombie (Geh:6)
  A deep dwarf zombie (Crypt:2)
  A hound skeleton (D:4)
  36 mummies
  65 river rats
  A worker ant zombie (D:11)
  10 gnolls
  18 adders
  14 shadow imps
  29 white imps
  An ufetubus (Abyss:1)
  19 worms
  2 adder skeletons
  2 adder zombies (D:5)
  7 giant geckos
  211 orcs
  2 ball pythons (D:6)
  A bat zombie (D:7)
  9 giant cockroaches
  19 goblins
  15 hobgoblins
  4 jackals
  21 kobolds
  14 bats
  A giant gecko zombie (D:6)
  3 giant newts
  An orc zombie (Dis:7)
  6 quokkas
  A quokka skeleton (D:4)
  A quokka zombie (D:5)
  15 rats
  A rat skeleton (Crypt:1)
  15 briar patches (Swamp:3)
  13 crawling corpses
  6 fire vortices
  16 fungi
  14 plants
  11 starspawn tentacles (Abyss:1)
  A starspawn tentacle segment (Abyss:1)
5542 creatures vanquished.

Vanquished Creatures (collateral kills)
  Antaeus (Coc:7)
  the royal jelly (Slime:6)
  Gloorx Vloq (Pan)
  Mara (Swamp:4)
  the Lernaean hydra (Swamp:4)
  A pandemonium lord (Pan)
  A caustic shrike (Depths:4)
  A hellephant (Abyss:3)
  A Shadow Fiend (Tar:7)
  A tengu reaver (Depths:4)
  A fire giant (Depths:4)
  An azure jelly (Slime:6)
  A daeva (Pan)
  A frost giant (Coc:7)
  A vault warden (Vaults:5)
  A cacodemon (Pan)
  2 angels (Pan)
  2 war gargoyles
  A spriggan defender (Depths:1)
  A very ugly thing (Swamp:4)
  A green death (Swamp:4)
  A deep elf death mage (Vaults:5)
  A death ooze (Slime:6)
  A blizzard demon (Coc:7)
  2 ice dragons (Coc:7)
  2 hydras (Swamp:4)
  3 alligators (Swamp:4)
  A deep troll earth mage (Depths:4)
  4 iron golems (Dis:7)
  2 skeletal warriors (Tar:7)
  A giant orange brain (Depths:4)
  A shadow wraith (Pan)
  3 swamp dragons (Swamp:4)
  An ice devil (Tar:7)
  2 deep trolls (Depths:4)
  2 slime creatures (Swamp:4)
  A stone giant zombie (Tar:7)
  An ugly thing (Swamp:4)
  3 rust devils (Hell)
  An orange demon (Swamp:4)
  A smoke demon (Abyss:3)
  A spriggan zombie (Hell)
  An anaconda simulacrum (Coc:7)
  A hellwing (Pan)
  4 demonic crawlers (Pan)
  A blue devil (Hell)
  An entropy weaver zombie (Hell)
  A silent spectre (Tar:7)
  3 bog bodies (Swamp:4)
  An ice dragon zombie (Tar:7)
  2 shadows (Tar:7)
  A deep elf fighter (Depths:4)
  A ynoxinul (Pan)
  5 vampire mosquitoes (Swamp:4)
  2 neqoxecs (Pan)
  3 swamp worms (Swamp:4)
  3 insubstantial wisps (Swamp:4)
  A wasp (Abyss:3)
  6 starcursed masses (Abyss:3)
  2 orcs (D:13)
97 creatures vanquished.

Vanquished Creatures (others)
  A golden dragon (Vaults:5)
  3 eldritch tentacles
  3 elemental wellsprings
  A blood saint (Pan)
  A deep elf high priest (Elf:3)
  11 death scarabs
  2 ball lightnings (Pan)
  A deep elf summoner (Elf:2)
  A deep elf conjurer (Elf:1)
  A shock serpent skeleton (Tomb:2)
  A hellwing (Pan)
  A bog body (Coc:7)
  A deep elf mage (WizLab)
  A spriggan (Swamp:3)
  A fire dragon skeleton (Geh:6)
  10 flying skulls
  A deep elf fighter (Vaults:5)
  A wraith (Geh:4)
  A hell hound (Dis:6)
  A swamp worm (Swamp:2)
  A naga (Snake:4)
  A boggart (Depths:3)
  An ogre (Vaults:5)
  2 mummies (Tomb:1)
  A bush (Lair:8)
  335 eldritch tentacle segments
  2 fire vortices (Vaults:3)
  54 fungi
  11 lost souls
  72 plants
  13 starspawn tentacles (Abyss:1)
  146 starspawn tentacle segments (Abyss:1)
  4 tentacles (Coc:4)
  A tentacle segment (Coc:4)
688 creatures vanquished.

Grand Total: 6327 creatures vanquished

Notes
Turn   | Place    | Note
--------------------------------------------------------------
     0 | D:1      | Gorice the Gargoyle Wanderer began the quest for the Orb.
     0 | D:1      | Gorice set off with: a +2 hand axe, a +0 shortbow, 25 arrows, a potion of lignification {!q}, a +0 robe, a bread ration {!e}
     0 | D:1      | Reached XP level 1. HP: 12/12 MP: 3/3
   244 | D:1      | Reached skill level 2 in Fighting
   260 | D:1      | Reached XP level 2. HP: 17/17 MP: 5/5
   903 | D:2      | HP: 5/18 [giant gecko (4)]
   909 | D:2      | Reached skill level 3 in Fighting
  1175 | D:1      | Upgraded the game from 0.17-a0-1554-g3b847ca to 0.17-a0-1562-g9b2c768
  1183 | D:2      | Reached XP level 3. HP: 23/23 MP: 6/6
  1252 | D:2      | Noticed Sigmund
  1684 | D:3      | Reached skill level 4 in Fighting
  1719 | D:3      | Reached XP level 4. HP: 29/29 MP: 7/7
  2142 | D:4      | Found Foklel's Antique Armour Boutique.
  2163 | D:4      | Bought a pair of runed boots for 117 gold pieces
  2168 | D:4      | Identified a +1 pair of boots of running (You bought it in a shop on level 4 of the Dungeon)
  2253 | D:4      | Reached skill level 2 in Axes
  2253 | D:4      | Reached XP level 5. HP: 27/34 MP: 8/8
  2450 | D:4      | Noticed an ogre
  2497 | D:4      | Killed an ogre
  2497 | D:4      | Reached skill level 5 in Fighting
  2497 | D:4      | Reached skill level 2 in Maces & Flails
  2497 | D:4      | Reached XP level 6. HP: 38/40 MP: 9/9
  2603 | D:4      | Learned a level 1 spell: Summon Butterflies
  2760 | D:4      | Noticed an ogre
  2779 | D:4      | Killed an ogre
  2821 | D:4      | Found a burning altar of Makhleb.
  2821 | D:4      | Found a radiant altar of Vehumet.
  2827 | D:4      | Reached skill level 3 in Axes
  2941 | D:4      | Found an opulent altar of Gozag.
  3116 | D:5      | Entered Level 5 of the Dungeon
  3116 | D:5      | Found a staircase to the Ecumenical Temple.
  3131 | Temple   | Entered the Ecumenical Temple
  3241 | Temple   | Upgraded the game from 0.17-a0-1562-g9b2c768 to 0.17-a0-1572-g7a1422d
  3275 | Temple   | Became a worshipper of the Shining One
  3317 | D:5      | Noticed Eustachio
  3371 | D:5      | Killed Eustachio
  3371 | D:5      | Reached XP level 7. HP: 28/45 MP: 10/10
  3423 | D:5      | Reached skill level 4 in Axes
  3446 | D:5      | Reached skill level 6 in Fighting
  4130 | D:5      | Reached skill level 5 in Axes
  4181 | D:5      | Reached XP level 8. HP: 32/52 MP: 9/11
  4190 | D:4      | Acquired the Shining One's first power
  4450 | D:5      | Noticed Blork the orc
  4458 | D:5      | Killed Blork the orc
  4458 | D:5      | Reached skill level 7 in Fighting
  5193 | D:2      | Killed Sigmund
  5193 | D:2      | Reached skill level 6 in Axes
  5661 | D:6      | You fall through a shaft for 3 floors!
  5792 | D:6      | Noticed Edmund
  5798 | D:6      | Killed Edmund
  5798 | D:6      | Reached skill level 7 in Axes
  5875 | D:6      | Found a glowing drain.
  5879 | Sewer    | Entered a sewer
  6003 | D:6      | Reached XP level 9. HP: 51/59 MP: 10/12
  6018 | D:6      | Reached skill level 8 in Fighting
  6038 | D:6      | Found a sacrificial altar of Ru.
  6630 | D:6      | Reached skill level 8 in Axes
  6869 | D:7      | Was placed under penance by the Shining One
  6953 | D:7      | Found a runed door.
  6983 | D:7      | Found a basalt altar of Yredelemnul.
  7096 | D:7      | Found Gamig's Assorted Antiques.
  7104 | D:7      | Bought a metallic golden potion for 27 gold pieces
  7104 | D:7      | Bought a lumpy orange potion for 27 gold pieces
  7104 | D:7      | Bought a ruby potion for 27 gold pieces
  7124 | D:7      | Found an opulent altar of Gozag.
  7273 | D:7      | Found Peanike's Antique Weapon Shop.
  7273 | D:7      | Was forgiven by the Shining One
  7698 | D:8      | Found a sparkling altar of Nemelex Xobeh.
  7698 | D:8      | Found a shimmering altar of Xom.
  7706 | D:8      | Noticed Grum
  7722 | D:8      | Reached skill level 9 in Fighting
  7722 | D:8      | Reached skill level 9 in Axes
  7726 | D:8      | Killed Grum
  8130 | D:8      | Found a white marble altar of Elyvilon.
  8130 | D:8      | Found an ancient bone altar of Kikubaaqudgha.
  8213 | D:8      | Identified a scroll of acquirement
  8256 | D:9      | Noticed a troll
  8266 | D:9      | Killed a troll
  8266 | D:9      | Reached XP level 10. HP: 66/66 MP: 13/13
  8421 | D:9      | Found a staircase to the Lair.
  8439 | D:9      | Reached skill level 10 in Axes
  8494 | D:9      | Noticed Psyche
  8503 | D:9      | Killed Psyche
  8539 | Lair:1   | Entered Level 1 of the Lair of Beasts
  8539 | Lair:1   | Found a frozen archway.
  8539 | Lair:1   | Acquired the Shining One's second power
  8546 | Lair:1   | Reached skill level 10 in Fighting
  8550 | Lair:1   | Noticed Harold
  8562 | Lair:1   | HP: 4/68 [Harold/bolt of fire (22)]
  8570 | Lair:1   | Killed Harold
  8739 | D:9      | Reached skill level 11 in Axes
  9284 | Lair:1   | Noticed a five-headed hydra
  9319 | Lair:1   | Killed a two-headed hydra
  9319 | Lair:1   | Reached skill level 11 in Fighting
  9319 | Lair:1   | Reached XP level 11. HP: 56/74 MP: 11/14
  9725 | Lair:1   | Found a shimmering altar of Xom.
  9753 | Lair:1   | Reached skill level 12 in Axes
 10617 | Lair:2   | Got a polished long sword
 10629 | Lair:2   | Identified the +10 long sword of Integrity {antimagic, rElec} (You found it on level 2 of the Lair of Beasts)
 10803 | Lair:2   | Noticed a four-headed hydra
 10829 | Lair:2   | Killed a one-headed hydra
 11068 | Lair:2   | Got a slimy battleaxe
 11069 | Lair:2   | Identified the +6 battleaxe "Transmigrator" {flame, rF+ rC++} (You found it on level 2 of the Lair of Beasts)
 11070 | Lair:2   | --Oh yes!
 11384 | Lair:3   | Found a labyrinth entrance.
 11399 | Lair:3   | Noticed an eight-headed hydra
 11428 | Lair:3   | Killed a four-headed hydra
 11428 | Lair:3   | Reached skill level 13 in Axes
 11432 | Lair:3   | Reached skill level 12 in Fighting
 11470 | Lab      | Entered a labyrinth
 11667 | Lab      | Noticed a minotaur
 11676 | Lab      | Killed a minotaur
 11676 | Lab      | Reached XP level 12. HP: 49/81 MP: 10/15
 11700 | Lab      | Identified the Almanac of Aid and Weightlessness
 11973 | D:4      | Bought a glowing plate armour for 598 gold pieces
 12218 | Lair:3   | Noticed a seven-headed hydra
 12222 | Lair:3   | Killed a seven-headed hydra
 12230 | Lair:3   | Noticed a four-headed hydra
 12238 | Lair:3   | Killed a one-headed hydra
 12239 | Lair:3   | Noticed an eight-headed hydra
 12244 | Lair:3   | Killed a four-headed hydra
 12410 | Lair:3   | Noticed a six-headed hydra
 12419 | Lair:3   | Killed a three-headed hydra
 12419 | Lair:3   | Reached skill level 14 in Axes
 12906 | Lair:4   | Reached skill level 13 in Fighting
 13035 | Lair:4   | Acquired the Shining One's third power
 13045 | Lair:4   | Reached XP level 13. HP: 79/88 MP: 14/16
 13047 | Lair:4   | Reached skill level 15 in Axes
 13698 | Lair:4   | Found a staircase to the Snake Pit.
 14079 | Lair:4   | Found a staircase to the Swamp.
 14332 | Lair:5   | Reached skill level 14 in Fighting
 14868 | Lair:5   | Found a dark tunnel.
 14880 | Volcano  | Entered a volcano
 14963 | Volcano  | Reached skill level 16 in Axes
 17067 | Lair:7   | Found a staircase to the Slime Pits.
 17067 | Lair:7   | Found a viscous altar of Jiyva.
 17392 | Lair:8   | Entered Level 8 of the Lair of Beasts
 17399 | Lair:8   | Gained mutation: Your large and strong wings let you fly indefinitely. [Gargoyle growth]
 17399 | Lair:8   | Reached XP level 14. HP: 96/96 MP: 17/17
 17527 | Lair:8   | Acquired the Shining One's fourth power
 17647 | Lair:8   | Reached skill level 15 in Fighting
 17649 | Lair:8   | Reached skill level 17 in Axes
 17652 | Lair:8   | Reached skill level 2 in Armour
 17737 | Lair:8   | Reached skill level 3 in Armour
 17766 | Lair:8   | Reached skill level 4 in Armour
 17776 | Lair:8   | Reached skill level 5 in Armour
 18080 | Lair:8   | Reached skill level 6 in Armour
 18337 | Lair:8   | Reached skill level 7 in Armour
 18356 | Lair:8   | Reached skill level 8 in Armour
 18581 | Lair:8   | Found a runed door.
 18867 | Lair:8   | Reached skill level 9 in Armour
 19447 | D:10     | Entered Level 10 of the Dungeon
 19537 | D:9      | Reached skill level 10 in Armour
 19583 | D:10     | Found Fix Atom's Magic Scroll Shop.
 19995 | D:10     | Reached XP level 15. HP: 103/103 MP: 18/18
 20278 | D:11     | Reached skill level 11 in Armour
 20478 | D:11     | Found a portal to a secret trove of treasure.
 20494 | Trove    | Entered a treasure trove
 20495 | Trove    | --Damn lost 5* piety for a river trove!
 20513 | Trove    | Got a twisted ring mail
 20535 | Trove    | Got a scorched gold dragon armour
 20577 | Trove    | Identified the cursed +1 ring mail of Supple Strength {MP+9 Str+5} (You found it in a treasure trove)
 20592 | Trove    | Identified the +11 gold dragon armour of Makhleb's Whim {rPois rF+ rC+ Regen+ MP+9 Int-5 Dex-4} (You found it in a treasure trove)
 20592 | Trove    | --hmm, shame about the stat negs but that's nice GDA!
 21177 | D:12     | Reached skill level 18 in Axes
 21232 | D:12     | Found a roughly hewn altar of Beogh.
 21232 | D:12     | Found a staircase to the Orcish Mines.
 21737 | D:12     | Found a shadowy altar of Dithmenos.
 21909 | Orc:1    | Entered Level 1 of the Orcish Mines
 22464 | Orc:2    | Noticed Fannar
 22474 | Orc:2    | Killed Fannar
 22474 | Orc:2    | Reached skill level 12 in Armour
 22933 | Orc:3    | Found Minloe's Weapon Shop.
 23135 | Orc:3    | Found a staircase to the Elven Halls.
 23686 | Orc:4    | Entered Level 4 of the Orcish Mines
 23700 | Orc:4    | Found a roughly hewn altar of Beogh.
 24053 | Orc:4    | Reached skill level 13 in Armour
 24220 | Orc:4    | Noticed Maud
 24231 | Orc:4    | Killed Maud
 24579 | Orc:4    | Found Lanil's Armour Emporium.
 24579 | Orc:4    | Found Tequ's Assorted Antiques.
 24581 | Orc:4    | Found Hemaituj's Magic Scroll Shop.
 24583 | Orc:4    | Found Pafaro's Assorted Antiques.
 24595 | Orc:4    | Bought a potion of heal wounds for 160 gold pieces
 25017 | D:13     | Noticed Josephine
 25027 | D:13     | Killed Josephine
 25110 | D:13     | Noticed Sonja
 25313 | D:13     | Noticed Urug
 25321 | D:13     | Killed Urug
 25393 | D:13     | Cast into the Abyss (Sonja)
 25636 | Abyss:1  | Reached skill level 14 in Armour
 25641 | Abyss:1  | Noticed a bone dragon
 25668 | Abyss:1  | Noticed a tentacled starspawn
 25715 | Abyss:1  | Found a corrupted altar of Lugonu.
 25715 | Abyss:1  | Found a stormy altar of Qazlal.
 25803 | Abyss:1  | Noticed a tentacled monstrosity
 25821 | Abyss:1  | Killed a tentacled monstrosity
 25821 | Abyss:1  | Reached skill level 2 in Invocations
 25846 | Abyss:1  | Reached XP level 16. HP: 108/108 MP: 19/19
 25866 | Abyss:1  | Reached skill level 3 in Invocations
 25963 | Abyss:1  | Gained mutation: Your body sometimes deteriorates upon taking damage. [a neqoxec]
 26019 | Abyss:1  | Killed a bone dragon
 26019 | Abyss:1  | Reached skill level 4 in Invocations
 26036 | Abyss:1  | Reached skill level 5 in Invocations
 26218 | Abyss:1  | Reached skill level 19 in Axes
 26218 | Abyss:1  | Reached skill level 6 in Invocations
 26229 | Abyss:1  | Noticed a tentacled starspawn
 26231 | Abyss:1  | Gained mutation: Your body often deteriorates upon taking damage. [a cacodemon]
 26238 | Abyss:1  | Killed a tentacled starspawn
 26278 | Abyss:1  | Reached skill level 7 in Invocations
 26282 | Abyss:1  | Noticed a tentacled starspawn
 26305 | Abyss:1  | Killed a tentacled starspawn
 26439 | Abyss:1  | Noticed a tentacled starspawn
 26449 | Abyss:1  | Killed a tentacled starspawn
 26473 | Abyss:1  | Noticed a tentacled starspawn
 26492 | Abyss:1  | Reached skill level 8 in Invocations
 26495 | Abyss:1  | Noticed a tentacled starspawn
 26502 | Abyss:1  | Killed a tentacled starspawn
 26512 | Abyss:1  | Killed a tentacled starspawn
 26610 | Abyss:1  | Noticed an Executioner
 26610 | Abyss:1  | Reached skill level 9 in Invocations
 26611 | Abyss:1  | Noticed a tentacled starspawn
 26619 | Abyss:1  | Killed a tentacled starspawn
 26627 | Abyss:1  | Killed an Executioner
 26740 | Abyss:1  | Reached skill level 10 in Invocations
 26819 | Abyss:1  | Noticed a tentacled starspawn
 26824 | Abyss:1  | Killed a tentacled starspawn
 26971 | Abyss:1  | Reached XP level 17. HP: 99/113 MP: 25/25
 27131 | Abyss:1  | Reached skill level 11 in Invocations
 27213 | Abyss:2  | Noticed a bone dragon
 27348 | Abyss:3  | Gained mutation: Scrolls take you a little longer to read. [a neqoxec]
 27351 | Abyss:3  | Noticed a hellephant
 27376 | Abyss:3  | HP: 32/113 [thrashing horror (5)]
 27377 | Abyss:3  | Reached skill level 12 in Invocations
 27383 | Abyss:3  | HP: 33/113 [starcursed mass/accursed screaming (3)]
 27391 | Abyss:3  | Killed a hellephant
 27396 | Abyss:3  | HP: 33/113 [starcursed mass/accursed screaming (5)]
 27405 | Abyss:3  | HP: 32/113 [starcursed mass/accursed screaming (7)]
 27411 | Abyss:3  | HP: 32/113 [starcursed mass/accursed screaming (10)]
 27416 | Abyss:3  | HP: 22/113 [starcursed mass/accursed screaming (5)]
 27424 | Abyss:3  | HP: 33/113 [starcursed mass/accursed screaming (6)]
 27451 | Abyss:3  | Got an abyssal rune of Zot
 27493 | D:13     | Escaped the Abyss
 27622 | D:13     | Cast into the Abyss (Sonja)
 27632 | Abyss:1  | Found an iron altar of Okawaru.
 27637 | D:13     | Escaped the Abyss
 27639 | D:13     | Killed Sonja
 28411 | D:14     | Reached skill level 13 in Invocations
 28440 | D:14     | Found a gate to the Vaults.
 28869 | D:15     | Entered Level 15 of the Dungeon
 28917 | D:15     | Noticed Azrael
 28924 | D:15     | Killed Azrael
 28935 | D:15     | Reached skill level 20 in Axes
 28977 | D:15     | Found a staircase to the Depths.
 29189 | D:15     | Noticed Kirke
 29200 | D:15     | Killed Kirke
 29378 | D:15     | Got a jacinth-encrusted leather armour
 29381 | D:15     | Identified the +1 leather armour of the Earth {Dex+6} (You found it on level 15 of the Dungeon)
 29785 | Swamp:1  | Entered Level 1 of the Swamp
 30009 | Swamp:1  | Reached skill level 15 in Armour
 30138 | Swamp:1  | Reached XP level 18. HP: 117/119 MP: 27/27
 30499 | Swamp:2  | Reached skill level 1 in Evocations
 30604 | Swamp:2  | Reached skill level 2 in Evocations
 30837 | Swamp:2  | Reached skill level 3 in Evocations
 31130 | Swamp:3  | Was placed under penance by the Shining One
 31163 | Swamp:3  | Reached skill level 4 in Evocations
 31169 | Swamp:3  | Noticed Donald
 31198 | Swamp:3  | Killed Donald
 31255 | Swamp:3  | Reached skill level 5 in Evocations
 31553 | Swamp:3  | Reached skill level 6 in Evocations
 31558 | Swamp:3  | Was forgiven by the Shining One
 31559 | Swamp:3  | Noticed Nikola
 31588 | Swamp:3  | Killed Nikola
 31637 | Swamp:3  | Reached skill level 7 in Evocations
 32060 | Swamp:4  | Entered Level 4 of the Swamp
 32060 | Swamp:4  | Noticed Mara
 32075 | Swamp:4  | Noticed Gorice's illusion
 32099 | Swamp:4  | Killed Mara
 32099 | Swamp:4  | Reached skill level 8 in Evocations
 32208 | Swamp:4  | Reached skill level 9 in Evocations
 32222 | Swamp:4  | Noticed the 27-headed Lernaean hydra
 32236 | Swamp:4  | Killed the 21-headed Lernaean hydra
 32265 | Swamp:4  | Reached skill level 10 in Evocations
 32281 | Swamp:4  | Got a decaying rune of Zot
 32383 | Swamp:4  | Reached skill level 1 in Dodging
 32628 | Swamp:4  | Reached skill level 2 in Dodging
 33168 | Snake:1  | Entered Level 1 of the Snake Pit
 33176 | Snake:1  | Reached skill level 3 in Dodging
 33179 | Snake:1  | Reached XP level 19. HP: 117/124 MP: 28/28
 33299 | Snake:1  | You are sucked into a shaft!
 33299 | Snake:2  | Noticed Aizul
 33306 | Snake:2  | Reached skill level 4 in Dodging
 33320 | Snake:2  | Killed Aizul
 33430 | Snake:2  | Reached skill level 5 in Dodging
 33845 | Snake:1  | Reached skill level 6 in Dodging
 34011 | Snake:1  | Reached skill level 7 in Dodging
 34849 | Snake:1  | Upgraded the game from 0.17-a0-1572-g7a1422d to 0.17-a0-1575-g9a29ec8
 35036 | Snake:2  | Reached skill level 8 in Dodging
 35599 | Snake:3  | Found Eriet's General Store.
 35754 | Snake:3  | Reached skill level 9 in Dodging
 36476 | Snake:3  | Noticed Vashnia
 36538 | Snake:3  | Killed Vashnia
 36601 | Snake:3  | Noticed Saint Roka
 36631 | Snake:3  | Killed Saint Roka
 36673 | Snake:3  | Reached skill level 10 in Dodging
 37083 | Snake:4  | Entered Level 4 of the Snake Pit
 37310 | Snake:4  | Reached XP level 20. HP: 129/129 MP: 29/29
 37529 | Snake:4  | Reached skill level 11 in Dodging
 37893 | Snake:4  | Reached skill level 12 in Dodging
 37940 | Snake:4  | Got a serpentine rune of Zot
 38272 | Snake:4  | Reached skill level 13 in Dodging
 38680 | Vaults:1 | Entered Level 1 of the Vaults
 38923 | Vaults:1 | Found a white marble altar of Elyvilon.
 39156 | Vaults:1 | Noticed Frances
 39177 | Vaults:1 | Killed Frances
 39183 | Vaults:1 | Noticed Wiglaf
 39187 | Vaults:1 | Noticed Louise
 39211 | Vaults:1 | Killed Louise
 39213 | Vaults:1 | --effing hell is this a unique's convention?
 39224 | Vaults:1 | Killed Wiglaf
 39334 | Vaults:1 | Reached skill level 14 in Dodging
 39412 | Vaults:1 | Got a fine plate armour
 39415 | Vaults:1 | Identified the +2 plate armour "Giynwon" {rN++ Str+4 Int+3} (You found it on level 1 of the Vaults)
 39604 | Vaults:1 | Reached XP level 21. HP: 122/134 MP: 30/30
 40159 | Vaults:2 | Noticed Xtahua
 40176 | Vaults:2 | Killed Xtahua
 40241 | Vaults:2 | Reached skill level 15 in Dodging
 41312 | Vaults:3 | Reached skill level 16 in Armour
 41888 | Vaults:3 | Reached skill level 16 in Fighting
 42354 | Vaults:3 | Found a staircase to the Crypt.
 42529 | Vaults:4 | Found Usier's General Store.
 42537 | Vaults:4 | Reached skill level 17 in Armour
 42551 | Vaults:4 | Bought a scroll of blinking for 112 gold pieces
 42568 | Vaults:4 | Reached XP level 22. HP: 133/143 MP: 31/31
 43225 | Vaults:4 | Reached skill level 17 in Fighting
 44537 | Crypt:1  | Entered Level 1 of the Crypt
 44549 | Crypt:1  | Reached skill level 18 in Armour
 44751 | Crypt:1  | Got a jewelled longbow
 44752 | Crypt:1  | Identified the cursed +0 longbow "Qutarrokh" {flame, Int+3} (You found it on level 1 of the Crypt)
 45298 | Crypt:2  | Reached skill level 18 in Fighting
 45332 | Crypt:2  | Noticed Jory
 45456 | Crypt:2  | Killed Jory
 45593 | Crypt:2  | Noticed Sojobo
 45646 | Crypt:2  | Killed Sojobo
 45954 | Crypt:2  | Reached XP level 23. HP: 153/153 MP: 32/32
 46158 | Crypt:2  | Reached skill level 19 in Armour
 46589 | Crypt:3  | Entered Level 3 of the Crypt
 46804 | Crypt:3  | Reached skill level 19 in Fighting
 47149 | Crypt:3  | Found a staircase to the Tomb.
 47406 | Crypt:3  | Found a basalt altar of Yredelemnul.
 47407 | Crypt:3  | Noticed an ancient lich
 47428 | Crypt:3  | Killed an ancient lich
 47602 | Crypt:3  | Reached skill level 20 in Armour
 48209 | Lair:1   | Learned a level 2 spell: Blink
 48212 | Lair:1   | Learned a level 2 spell: Swiftness
 48344 | Elf:1    | Entered Level 1 of the Elven Halls
 48575 | Elf:1    | --Finally! Found 1st pot of cure mut!
 48613 | Elf:1    | Reached skill level 20 in Fighting
 49571 | Elf:2    | Found a runed gate.
 49571 | Elf:2    | Found a runed gate.
 49571 | Elf:2    | Found a runed gate.
 49662 | Elf:2    | Reached XP level 24. HP: 162/164 MP: 32/32
 50156 | Elf:3    | Entered Level 3 of the Elven Halls
 50282 | Elf:3    | --And the " of resist mut, almost set...
 50301 | Elf:3    | Found Veebb's Weapon Shop.
 50817 | Elf:3    | Reached skill level 21 in Armour
 50927 | Elf:3    | Reached skill level 21 in Fighting
 51112 | Elf:3    | Upgraded the game from 0.17-a0-1575-g9a29ec8 to 0.17-a0-1582-ge6b0260
 51415 | Elf:3    | Got a faintly glowing pewter ring
 51438 | Elf:3    | Identified the ring "Pugrockauno" {MR++ Str+5 Int-4} (You took it off a deep elf sorcerer on level 3 of the Elven Halls)
 51462 | Elf:3    | Got a pair of smoking gloves
 51473 | Elf:3    | Identified the +1 pair of gloves of the Centipede {Int+2 SInv} (You found it on level 3 of the Elven Halls)
 51587 | Elf:3    | Upgraded the game from 0.17-a0-1582-ge6b0260 to 0.17-a0-1583-g2df49ec
 51628 | Elf:3    | Identified the Catalogue of Companions (You found it on level 3 of the Elven Halls)
 51663 | Elf:3    | Got a scintillating marble ring
 51666 | Elf:3    | Identified the ring "Xoze" {MR- Str+4 Int+2 Slay+2} (You found it on level 3 of the Elven Halls)
 51672 | Elf:3    | Reached skill level 4 in Charms
 51672 | Elf:3    | Reached XP level 25. HP: 171/171 MP: 32/32
 51676 | Elf:3    | Got a steaming plate armour
 51679 | Elf:3    | Identified the +2 plate armour of Gaulynosm {rN+} (You found it on level 3 of the Elven Halls)
 51689 | Elf:3    | Got a smelly plate armour
 51692 | Elf:3    | Identified the cursed +0 plate armour of the Nexus {-Cast Dex+10} (You found it on level 3 of the Elven Halls)
 52558 | Elf:3    | Identified the Guide on Darkness (You found it on level 3 of the Elven Halls)
 53123 | Depths:1 | Entered Level 1 of the Depths
 53466 | Depths:1 | Found a gateway to Hell.
 53492 | Depths:1 | Noticed the Enchantress
 53544 | Depths:1 | Cast into the Abyss (the Enchantress)
 53581 | Depths:1 | Escaped the Abyss
 53588 | Depths:1 | HP: 47/171 [the Enchantress/rapier of distortion (7)]
 53592 | Depths:1 | HP: 23/171 [spriggan air mage/the air[the Enchantress] (27)]
 53601 | Depths:1 | HP: 37/171 [spriggan air mage/the air[the Enchantress] (11)]
 53609 | Depths:1 | HP: 39/171 [spriggan air mage/the air[the Enchantress] (22)]
 53804 | Lair:1   | Lost mutation: Your body often deteriorates upon taking damage. [potion of cure mutation]
 53804 | Lair:1   | Lost mutation: Scrolls take you a little longer to read. [potion of cure mutation]
 53804 | Lair:1   | Lost mutation: Your body sometimes deteriorates upon taking damage. [potion of cure mutation]
 54021 | Depths:1 | Killed the Enchantress
 54026 | Depths:1 | Got a faerie dragon armour
 54039 | Depths:1 | Identified the +1 faerie dragon armour {rElec rCorr HP-8} (You took it off the Enchantress on level 1 of the Depths)
 54084 | Depths:1 | Found a one-way gate leading to the halls of Pandemonium.
 54324 | Depths:1 | Found a glowing silver altar of Zin.
 54324 | Depths:1 | Found a glowing golden altar of the Shining One.
 54350 | Depths:1 | Found a white marble altar of Elyvilon.
 54557 | Depths:2 | Found a one-way gate to the infinite horrors of the Abyss.
 54826 | Depths:2 | Found a magical portal.
 54829 | WizLab   | Entered Iskenderun's Mystic Tower
 54870 | WizLab   | Reached XP level 26. HP: 177/177 MP: 32/32
 54884 | WizLab   | Reached skill level 21 in Axes
 55126 | WizLab   | Reached skill level 22 in Armour
 55359 | WizLab   | Identified the Compendium of Toxins and the Rocks
 55359 | WizLab   | Identified the Reference Book on Bewitchment and Poisoning
 55446 | WizLab   | Identified Iskenderun's Volume of Conjuration
 55446 | WizLab   | Identified Iskenderun's Almanac of Scorching Conjuration
 55454 | WizLab   | Identified the Reference Book on Mutagenic Unholy Magic (You found it in a wizard's laboratory)
 56274 | Depths:2 | Found Koeqoo's Assorted Antiques.
 56277 | Depths:2 | Bought a potion of haste for 200 gold pieces
 56686 | Depths:2 | Found a deep blue altar of Sif Muna.
 57246 | Depths:3 | Reached skill level 22 in Axes
 57309 | Depths:3 | Found Pumpufe's Armour Shoppe.
 58235 | Depths:4 | Noticed Frederick
 58243 | Depths:4 | Killed Frederick
 58514 | Depths:4 | Reached skill level 23 in Axes
 58622 | Depths:4 | Reached XP level 27. HP: 151/182 MP: 32/32
 58655 | Depths:4 | HP: 50/182 [titan/the air (18)]
 58825 | Depths:4 | Reached skill level 24 in Axes
 59064 | Depths:4 | Identified the Papyrus of Boosting Evil Rituals
 59492 | Depths:5 | Entered Level 5 of the Depths
 59548 | Depths:5 | Found a gateway to a ziggurat.
 59548 | Depths:5 | Noticed an ancient lich
 60044 | Depths:5 | Killed an ancient lich
 60488 | Depths:5 | Found a gate to the Realm of Zot.
 60533 | Depths:5 | Reached skill level 25 in Axes
 61364 | Lair:1   | Upgraded the game from 0.17-a0-1583-g2df49ec to 0.17-a0-1591-g7a45446
 61515 | Slime:1  | Entered Level 1 of the Pits of Slime
 61939 | Slime:6  | Entered Level 6 of the Pits of Slime
 62034 | Slime:6  | Noticed the royal jelly
 62161 | Slime:6  | Noticed HEYYEYAAE's ghost (mighty DrBe)
 62191 | Slime:6  | Killed HEYYEYAAE's ghost
 62271 | Slime:6  | HP: 54/182 [acid blob/splash of acid (5)]
 62276 | Slime:6  | HP: 30/182 [acid (1)]
 62549 | Slime:6  | Found a viscous altar of Jiyva.
 62603 | Slime:6  | Killed the royal jelly
 62608 | Slime:6  | your royal jelly (ally) was killed
 62610 | Slime:6  | HP: 53/182 [acid[the royal jelly] (2)]
 62611 | Slime:6  | HP: 22/182 [acid blob/splash of acid[the royal jelly] (5)]
 62828 | Slime:6  | Reached skill level 26 in Axes
 62866 | Slime:6  | Identified the Handbook of the Forgotten Moons
 62908 | Slime:6  | Got a slimy rune of Zot
 62954 | Slime:6  | Got a slimy tin ring
 62998 | Slime:6  | Got an ancient pewter ring
 63032 | Slime:6  | Identified the Compendium of Vitriolic Translocation
 63058 | Slime:6  | Identified the ring "Duloomomp" {+Inv +Fly rN+++ MR++ Dex-2} (You found it on level 6 of the Pits of Slime)
 63059 | Slime:6  | Identified the ring "Wuymee Ofav" {+Inv rElec rF+ rC+} (You found it on level 6 of the Pits of Slime)
 63062 | Slime:6  | Identified a +3 rod of clouds (11/11) (You found it on level 6 of the Pits of Slime)
 63487 | Depths:4 | Reached skill level 1 in Throwing
 63552 | Zot:1    | Entered Level 1 of the Realm of Zot
 63563 | Zot:1    | Reached skill level 2 in Throwing
 63659 | Zot:1    | Reached skill level 3 in Throwing
 63682 | Zot:1    | Reached skill level 4 in Throwing
 63794 | Zot:1    | Got a heavily runed helmet
 63795 | Zot:1    | Identified the +1 helmet of the Morning {rPois rF- rC++ Int-4} (You found it on level 1 of the Realm of Zot)
 63957 | Zot:1    | Reached skill level 5 in Throwing
 64194 | Zot:1    | Reached skill level 6 in Throwing
 64491 | Zot:2    | Reached skill level 7 in Throwing
 64672 | Zot:2    | Reached skill level 8 in Throwing
 64768 | Zot:2    | Reached skill level 9 in Throwing
 64914 | Zot:2    | Reached skill level 10 in Throwing
 65785 | Zot:3    | Reached skill level 11 in Throwing
 66045 | Zot:3    | Got a slimy plate armour
 66057 | Zot:2    | Identified the +1 plate armour of Sin {*Contam Str+5 SInv} (You found it on level 3 of the Realm of Zot)
 66473 | Zot:3    | Reached skill level 11 in Evocations
 66567 | Zot:3    | Reached skill level 12 in Throwing
 68517 | D:10     | Bought a scroll of magic mapping for 45 gold pieces
 68777 | Vaults:5 | Entered Level 5 of the Vaults
 68815 | Vaults:5 | Reached skill level 12 in Evocations
 68839 | Vaults:5 | Reached skill level 13 in Throwing
 68953 | Vaults:5 | Reached skill level 13 in Evocations
 69001 | Vaults:5 | Reached skill level 14 in Throwing
 69191 | Vaults:5 | HP: 46/182 [war gargoyle/lajatang of distortion (19)]
 69225 | Vaults:5 | HP: 39/182 [golden dragon/bolt of cold (29)]
 69270 | Vaults:5 | HP: 51/182 [titan (19)]
 69279 | Vaults:5 | HP: 45/182 [squashed by a boulder beetle (12)]
 69430 | Vaults:5 | Got a scorched war axe
 69435 | Vaults:5 | Identified the +10 war axe of Otzeff {venom, Str+5 Int+4} (You took it off a deep elf annihilator on level 5 of the Vaults)
 69540 | Vaults:5 | Reached skill level 14 in Evocations
 69590 | Vaults:5 | Reached skill level 15 in Throwing
 70692 | Vaults:5 | Got a silver rune of Zot
 71479 | Hell     | Entered the Vestibule of Hell
 71479 | Hell     | Noticed Geryon
 71505 | Hell     | Reached skill level 15 in Evocations
 71797 | Hell     | Killed Geryon
 71918 | Hell     | Found a gateway to the Iron City of Dis.
 71931 | Hell     | Reached skill level 5 in Charms
 72010 | Hell     | Found a gateway to the ashen valley of Gehenna.
 72032 | Hell     | Reached skill level 3 in Spellcasting
 72107 | Hell     | Found a gateway to the decaying netherworld of Tartarus.
 72161 | Hell     | Found a gateway to the freezing wastes of Cocytus.
 72354 | Pan      | Entered Pandemonium
 72390 | Pan      | Reached skill level 6 in Charms
 72535 | Pan      | Reached skill level 4 in Spellcasting
 72585 | Pan      | Found an exit through the horrors of the Abyss.
 72754 | Pan      | Noticed Xeywk the pandemonium lord
 72762 | Pan      | Killed Xeywk the pandemonium lord
 72762 | Pan      | Reached skill level 7 in Charms
 72912 | Pan      | Reached skill level 5 in Spellcasting
 73108 | Depths:1 | Escaped Pandemonium
 73520 | Vaults:4 | Bought a scroll of enchant weapon for 112 gold pieces
 73754 | Depths:1 | Identified a +8 executioner's axe of holy wrath (a +6 executioner's axe of flaming blessed by the Shining One)
 73854 | Pan      | Entered Pandemonium
 73880 | Pan      | Reached skill level 8 in Charms
 74028 | Pan      | Noticed Etetagojon the pandemonium lord
 74033 | Pan      | Killed Etetagojon the pandemonium lord
 74043 | Pan      | Reached skill level 6 in Spellcasting
 74045 | Pan      | Reached skill level 9 in Charms
 74222 | Pan      | Noticed Rareg the pandemonium lord
 74254 | Pan      | Killed Rareg the pandemonium lord
 74268 | Pan      | Reached skill level 10 in Charms
 74400 | Depths:1 | Escaped Pandemonium
 74411 | Pan      | Entered Pandemonium
 74414 | Pan      | Reached skill level 7 in Spellcasting
 74610 | Pan      | Noticed Okhyrgh the pandemonium lord
 74664 | Pan      | Killed Okhyrgh the pandemonium lord
 74670 | Pan      | Reached skill level 11 in Charms
 74783 | Pan      | Gained mutation: You heal slowly when monsters are visible. [a cacodemon]
 74880 | Pan      | Found an exit through the horrors of the Abyss.
 75188 | Pan      | Reached skill level 8 in Spellcasting
 75210 | Pan      | Found an exit through the horrors of the Abyss.
 75382 | Pan      | Reached skill level 12 in Charms
 75410 | Pan      | Got a demonic rune of Zot
 75449 | Pan      | Found an exit through the horrors of the Abyss.
 75833 | Pan      | Reached skill level 9 in Spellcasting
 75841 | Pan      | Found an exit through the horrors of the Abyss.
 75955 | Pan      | Reached skill level 13 in Charms
 75964 | Pan      | Noticed Fosaid the pandemonium lord
 75975 | Pan      | Killed Fosaid the pandemonium lord
 76166 | Pan      | Found an exit through the horrors of the Abyss.
 76217 | Pan      | Upgraded the game from 0.17-a0-1591-g7a45446 to 0.17-a0-1596-g1e86911
 76701 | Pan      | Reached skill level 10 in Spellcasting
 76721 | Pan      | Reached skill level 14 in Charms
 76808 | Pan      | Found a runed door.
 76832 | Pan      | Found a runed door.
 76832 | Pan      | Noticed Nypt the pandemonium lord
 76834 | Pan      | Found a runed door.
 76847 | Pan      | Killed Nypt the pandemonium lord
 76848 | Pan      | Found a runed door.
 77204 | Pan      | Found a gateway to a ziggurat.
 77260 | Pan      | Found an exit through the horrors of the Abyss.
 77285 | Depths:1 | Escaped Pandemonium
 77301 | Pan      | Entered Pandemonium
 77301 | Pan      | Noticed Jeabumops the pandemonium lord
 77307 | Pan      | Found an exit through the horrors of the Abyss.
 77440 | Pan      | Reached skill level 15 in Charms
 77464 | Pan      | Killed Jeabumops the pandemonium lord
 77464 | Pan      | Reached skill level 1 in Translocations
 77478 | Pan      | Reached skill level 2 in Translocations
 77489 | Pan      | Reached skill level 11 in Spellcasting
 77525 | Depths:1 | Escaped Pandemonium
 77535 | Pan      | Entered Pandemonium
 77554 | Pan      | Found a glowing silver altar of Zin.
 77569 | Pan      | HP: 50/183 [daeva/divine providence (7)]
 77574 | Pan      | Noticed a seraph
 77867 | Pan      | Reached skill level 3 in Translocations
 77881 | Pan      | HP: 49/183 [daeva/scimitar of holy wrath (7)]
 77886 | Pan      | HP: 52/183 [angel/whip of holy wrath (6)]
 77891 | Pan      | HP: 52/183 [angel/whip of holy wrath (2)]
 77906 | Pan      | HP: 54/183 [angel/sacred scourge of holy wrath (1)]
 77908 | Pan      | Reached skill level 4 in Translocations
 78289 | Pan      | Reached skill level 5 in Translocations
 78632 | Pan      | Reached skill level 6 in Translocations
 78841 | Pan      | Lost mutation: You heal slowly when monsters are visible. [potion of cure mutation]
 78854 | Pan      | HP: 50/183 [daeva/divine providence (14)]
 78860 | Pan      | HP: 38/183 [daeva/divine providence (8)]
 79098 | Pan      | Reached skill level 7 in Translocations
 79444 | Pan      | Reached skill level 12 in Spellcasting
 79535 | Pan      | Reached skill level 8 in Translocations
 79952 | Pan      | --holy pan, argh! 3 pots of cure mut at least!
 80004 | Pan      | HP: 52/183 [daeva/scimitar of holy wrath (9)]
 80241 | Pan      | Reached skill level 9 in Translocations
 80411 | Pan      | Noticed Tihes the pandemonium lord
 80418 | Pan      | Killed Tihes the pandemonium lord
 80442 | Pan      | Reached skill level 10 in Translocations
 80649 | Pan      | Entered the realm of Lom Lobon.
 80928 | Pan      | Found an exit through the horrors of the Abyss.
 81016 | Pan      | Reached skill level 13 in Spellcasting
 81099 | Pan      | Reached skill level 11 in Translocations
 81484 | Pan      | Noticed Lom Lobon
 81508 | Pan      | Killed Lom Lobon
 81523 | Pan      | Reached skill level 12 in Translocations
 81550 | Pan      | Got a magical rune of Zot
 81739 | Pan      | Noticed Qinuisua the pandemonium lord
 81762 | Pan      | Killed Qinuisua the pandemonium lord
 81860 | Pan      | Reached skill level 16 in Charms
 82166 | Pan      | Noticed Ysaneurr the pandemonium lord
 82176 | Pan      | Killed Ysaneurr the pandemonium lord
 82373 | Pan      | Reached skill level 17 in Charms
 82440 | Depths:1 | Escaped Pandemonium
 82480 | Pan      | Entered Pandemonium
 82759 | Pan      | Found an exit through the horrors of the Abyss.
 82851 | Pan      | Entered the realm of Mnoleg.
 83021 | Pan      | Reached skill level 18 in Charms
 83305 | Pan      | Gained mutation: You are clumsy. (Dex -2) [a cacodemon]
 83347 | Pan      | Noticed Mnoleg
 83374 | Pan      | Killed Mnoleg
 83490 | Pan      | Got a glowing rune of Zot
 83605 | Pan      | Found a runed door.
 83730 | Pan      | Noticed Veofriek the pandemonium lord
 83744 | Pan      | Killed Veofriek the pandemonium lord
 83773 | Pan      | Entered the realm of Cerebov.
 83776 | Pan      | Reached skill level 19 in Charms
 83829 | Pan      | Reached skill level 14 in Spellcasting
 84027 | Pan      | Found an exit through the horrors of the Abyss.
 84415 | Pan      | Identified the Tome of Creation
 84469 | Pan      | Noticed Cerebov
 84501 | Pan      | Killed Cerebov
 84527 | Pan      | Got a fiery rune of Zot
 84562 | Pan      | Identified Lehudib's Reference Book on Blistering Confrontation
 84592 | Pan      | Identified the Guide on Beguiling
 84615 | Pan      | Identified the Grimoire of Confrontation
 84668 | Pan      | Identified Sif Muna's Compendium of Boosting Sinister Rites (You found it in Pandemonium)
 84968 | Pan      | Reached skill level 20 in Charms
 84984 | Pan      | Took an exit into the Abyss.
 84984 | Abyss:1  | Escaped into the Abyss
 84989 | Abyss:1  | Noticed a profane servitor
 85003 | Abyss:1  | Killed a profane servitor
 85008 | Depths:1 | Escaped the Abyss
 85201 | Lair:1   | Learned a level 6 spell: Haste
 85207 | Lair:1   | Learned a level 5 spell: Phase Shift
 85370 | Pan      | Entered Pandemonium
 85397 | Pan      | Noticed Tocit the pandemonium lord
 85413 | Pan      | Killed Tocit the pandemonium lord
 85531 | Pan      | Reached skill level 15 in Spellcasting
 85553 | Pan      | Found an exit through the horrors of the Abyss.
 85600 | Pan      | Entered the realm of Gloorx Vloq.
 85762 | Pan      | Noticed Gloorx Vloq
 85790 | Pan      | Killed Gloorx Vloq
 85831 | Pan      | Got a dark rune of Zot
 85899 | Pan      | Reached skill level 21 in Charms
 86034 | Pan      | Found an exit through the horrors of the Abyss.
 86042 | Depths:1 | Escaped Pandemonium
 86424 | Coc:1    | Entered Level 1 of Cocytus
 86735 | Coc:2    | Reached skill level 16 in Spellcasting
 86893 | Coc:3    | Reached skill level 13 in Translocations
 87444 | Coc:5    | Reached skill level 17 in Spellcasting
 87485 | Coc:6    | Reached skill level 14 in Translocations
 87784 | Coc:7    | Entered Level 7 of Cocytus
 88044 | Coc:7    | Reached skill level 15 in Translocations
 88116 | Coc:7    | Reached skill level 18 in Spellcasting
 88136 | Coc:7    | Noticed Antaeus
 88160 | Coc:7    | Killed Antaeus
 88226 | Coc:7    | Got an icy rune of Zot
 88370 | Dis:1    | Entered Level 1 of the Iron City of Dis
 88716 | Dis:6    | Reached skill level 16 in Translocations
 88767 | Dis:6    | Reached skill level 2 in Stealth
 88804 | Dis:6    | Reached skill level 3 in Stealth
 88834 | Dis:6    | Reached skill level 4 in Stealth
 88883 | Dis:6    | Reached skill level 5 in Stealth
 88895 | Dis:6    | Reached skill level 6 in Stealth
 88928 | Dis:7    | Entered Level 7 of the Iron City of Dis
 89005 | Dis:7    | HP: 50/184 [Hell Sentinel/iron shot (74)]
 89014 | Dis:7    | Reached skill level 7 in Stealth
 89043 | Dis:7    | Reached skill level 8 in Stealth
 89151 | Dis:7    | Reached skill level 22 in Fighting
 89233 | Dis:7    | Reached skill level 9 in Stealth
 89310 | Dis:7    | Reached skill level 10 in Stealth
 89442 | Dis:7    | Reached skill level 11 in Stealth
 89639 | Dis:7    | Reached skill level 12 in Stealth
 89675 | Dis:7    | Noticed the Serpent of Hell
 89689 | Dis:7    | Killed the Serpent of Hell
 89698 | Dis:7    | Reached skill level 13 in Stealth
 89834 | Dis:7    | Reached skill level 14 in Stealth
 89841 | Dis:7    | Noticed Dispater
 89886 | Dis:7    | Killed Dispater
 89886 | Dis:7    | Reached skill level 23 in Fighting
 90019 | Dis:7    | Got an iron rune of Zot
 90258 | Dis:7    | Got a pair of faintly glowing gloves
 90259 | Dis:7    | Identified the cursed -5 pair of gloves "Zenarots" {MR+} (You found it on level 7 of the Iron City of Dis)
 90276 | Dis:7    | Got a shimmering platinum ring
 90278 | Dis:7    | Got a twitching lead amulet
 90279 | Dis:7    | Identified the ring "Dasmico" {+/*Tele *Confuse rElec rC+} (You found it on level 7 of the Iron City of Dis)
 90281 | Dis:7    | Identified the amulet of Upnuepn {Spirit rC+ MR+ Str-2 Dex+3} (You found it on level 7 of the Iron City of Dis)
 90482 | Dis:7    | Reached skill level 24 in Fighting
 90572 | Geh:1    | Entered Level 1 of Gehenna
 91291 | Geh:4    | Reached skill level 25 in Fighting
 91663 | Geh:6    | HP: 57/193 [??? (11)]
 91671 | Geh:6    | HP: 57/194 [salamander/trident (4)]
 91690 | Geh:6    | HP: 55/194 [hellion/burst of hellfire (18)]
 91702 | Geh:6    | HP: 57/194 [iron golem[the effects of Hell] (6)]
 91901 | Geh:7    | Entered Level 7 of Gehenna
 92014 | Geh:7    | Reached skill level 26 in Fighting
 92692 | Geh:7    | Reached skill level 27 in Fighting
 92882 | Geh:7    | Noticed Asmodeus
 92915 | Geh:7    | Killed Asmodeus
 92961 | Geh:7    | Got an obsidian rune of Zot
 93250 | Tar:1    | Entered Level 1 of Tartarus
 93575 | Tar:3    | Alipheese: Hey, why do you have !e or !q annotations for items?
 93697 | Tar:3    | Gorice: to stop me from accidentally quaffing
 93697 | Tar:3    | Gorice: important potions
 93697 | Tar:3    | Gorice: I have fat fingers!
 93705 | Tar:3    | Alipheese: As I guessed...
 93712 | Tar:3    | Alipheese: :D
 93738 | Tar:3    | Alipheese: Do you have to do it manually?
 93738 | Tar:3    | Gorice: Actually I C&P-ed if from someone else's
 93738 | Tar:3    | Gorice: RC file - Lasty I think?
 93786 | Tar:3    | Alipheese: Oh
 93786 | Tar:3    | Alipheese: Interesting
 93786 | Tar:3    | Alipheese: I have to try it out.
 93786 | Tar:3    | Gorice: A few are a bit annoying - esp the food ones
 93786 | Tar:3    | Gorice: but I'm too lazy to edit my RC file again
 93792 | Tar:3    | Alipheese: :P
 93949 | Tar:3    | Reached skill level 16 in Dodging
 94001 | Tar:3    | Got a smoking brass ring
 94036 | Tar:3    | Identified the ring "Weutsear" {MP+9 Str+3 Stlth+} (You found it on level 3 of Tartarus)
 94056 | Tar:4    | Reached skill level 16 in Throwing
 94396 | Tar:7    | Entered Level 7 of Tartarus
 94568 | Tar:7    | Reached skill level 17 in Throwing
 94982 | Tar:7    | Reached skill level 17 in Dodging
 95620 | Tar:7    | Reached skill level 18 in Throwing
 95648 | Tar:7    | Noticed Ereshkigal
 95703 | Tar:7    | Killed Ereshkigal
 95747 | Tar:7    | Gorice: hmm I won't say what the tile for this rune reminds me of!
 95748 | Tar:7    | Got a bone rune of Zot
 95760 | Tar:7    | Gorice: OK sorry got to stop for 10 mins now...
 96959 | Tomb:1   | Entered Level 1 of the Tomb of the Ancients
 97054 | Tomb:1   | Reached skill level 18 in Dodging
 97121 | Tomb:1   | HP: 53/199 [??? (10)]
 97305 | Tomb:1   | Reached skill level 19 in Throwing
 99377 | Lair:1   | Learned a level 4 spell: Passage of Golubria
 99392 | Lair:1   | Learned a level 7 spell: Controlled Blink
100661 | Tomb:2   | Upgraded the game from 0.17-a0-1596-g1e86911 to 0.17-a0-1617-gfba1302
100982 | Tomb:1   | Reached skill level 17 in Translocations
101082 | Tomb:1   | Reached skill level 20 in Throwing
101540 | Tomb:1   | Reached skill level 18 in Translocations
101748 | Tomb:3   | Entered Level 3 of the Tomb of the Ancients
102200 | Tomb:3   | Reached skill level 19 in Translocations
102359 | Tomb:3   | Reached skill level 21 in Throwing
102635 | Tomb:3   | Got a golden rune of Zot
102744 | Tomb:3   | Learned a level 3 spell: Spectral Weapon
102747 | Tomb:3   | Got a bound iron ring
102773 | Tomb:3   | Got a wavering copper amulet
102774 | Tomb:3   | Identified the amulet "Cekhy" {Gourm rC+ Int-5 Dex+3 SInv} (You found it on level 3 of the Tomb of the Ancients)
102815 | Tomb:3   | Identified the ring of the Firefly {Ice Str+3} (You found it on level 3 of the Tomb of the Ancients)
105481 | Zot:5    | Entered Level 5 of the Realm of Zot
105527 | Zot:5    | Reached skill level 20 in Translocations
105731 | Zot:5    | Got a glittering sapphire amulet
105732 | Zot:5    | Identified the amulet of the Cuttlefish {rMut rPois rF+} (You found it on level 5 of the Realm of Zot)
106080 | Zot:5    | Noticed an ancient lich
106087 | Zot:5    | Killed an ancient lich
106258 | Zot:5    | Noticed an orb of fire
106273 | Zot:5    | Killed an orb of fire
106279 | Zot:5    | Noticed an ancient lich
106280 | Zot:5    | Noticed an ancient lich
106293 | Zot:5    | Killed an ancient lich
106293 | Zot:5    | Reached skill level 21 in Translocations
106293 | Zot:5    | Killed an ancient lich
106586 | Zot:5    | Got the Orb of Zot
106628 | Zot:5    | Noticed an ancient lich
106646 | Zot:5    | Noticed an ancient lich
106646 | Zot:5    | Noticed Ytezom the pandemonium lord
106651 | Zot:5    | Noticed a seraph
106745 | Depths:5 | Reached skill level 22 in Translocations
107229 | D:3      | Noticed Javvas the pandemonium lord
107240 | D:3      | Killed Javvas the pandemonium lord
107284 | D:$      | Escaped with the Orb!

Vault maps used:
D:1:      nicolae_arrival_washed_ashore, grunt_decor_resistance, hex_large,
          st_stairs_10
D:2:      kennysheep_six_static_rooms, uniq_sigmund
D:3:      first_bread, serial_bayou_crossing
D:4:      grunt_temple_overflow_lords_of_destruction,
          nicolae_overflow_hidden_temple, serial_shops, nicolae_shop_statue_plus
D:5:      wad_lake_hut, minmay_temple_entry_trees, serial_co_window_serial,
          co_window_paths_a, co_window_paths_a, co_window_corner_a,
          co_window_paths_a, co_window_paths_a, co_window_corner_ca,
          co_window_corner_b, co_window_unsneaky_path_e,
          co_window_unsneaky_path_b, co_window_corner_b, co_window_corner_b,
          co_window_of_opportunity_b, glass_columns_b, glass_columns_b,
          glass_columns_c, glass_columns_c, glass_columns_a, uniq_eustachio,
          uniq_blork_the_orc
D:6:      basic_altar, gup_sewer_entry_bowl, uniq_edmund
D:7:      serial_shops, shop_fountains, shop, basic_altar, dk_yredelemnul_ordeal
D:8:      grunt_temple_overflow_open, uniq_grum
D:9:      due_lair_maze_entry_diamond, uniq_psyche
D:10:     serial_shops, nicolae_shop_statue_plus
D:11:     nicolae_trove_entry_free_sample
D:12:     david_orc_5, hangedman_ranch, minmay_strange_pillars,
          grunt_dithmenos_shadows
D:13:     einodemon_barbed_minivault, uniq_urug, uniq_sonja, uniq_josephine
D:14:     grunt_vaults_entry_tiered, serial_park_tiny_1,
          grunt_decor_mini_mirrors
D:15:     grunt_enter_depths_giant_problem, nicolae_wwwww, uniq_kirke,
          uniq_azrael
Temple:   water_room_temple_b_12
Lair:1:   portal_ice_cave_entry_imps, basic_altar, serial_forest,
          infiniplex_forest_end_1, infiniplex_forest_fountain,
          infiniplex_forest_straight_2, infiniplex_forest_zigzag_1,
          infiniplex_forest_clump_curved, infiniplex_forest_lined_ring,
          infiniplex_forest_lined_room_2, infiniplex_forest_corner_1,
          infiniplex_forest_clump_medium, grunt_megastairs_2, uniq_harold
Lair:3:   lab_entry_generic, wad_woods_road_04
Lair:4:   mu_elephants_graveyard, nicolae_swamp_entry_splash_gauntlet
Lair:5:   enter_volcano_4
Lair:7:   slime_altar_1, serial_bayou_shore_b
Lair:8:   hangedman_lair_in_review, wormcave
Swamp:1:  nicolae_swamp_triple_paths, swamp_pool5, infiniplex_staircase_pool
Swamp:2:  nicolae_swamp_trees_clearing, swamp_pool1
Swamp:3:  nicolae_swamp_fairy_circle, uniq_donald, uniq_nikola
Swamp:4:  swamp_vile, uniq_mara
Snake:1:  serial_bayou_shore_b
Snake:2:  grunt_megastairs_4, basic_stair_grate_trap, serial_bayou_shore_a,
          lemuel_fruit_tree, uniq_aizul
Snake:3:  serial_shops, shop, st_stairs_9, spider_trap, uniq_vashnia,
          uniq_saint_roka
Snake:4:  grunt_snake_rune_spirals
Slime:3:  nicolae_slime_phagocytosis
Orc:2:    uniq_fannar
Orc:3:    serial_shops, shop, nicolae_orc_pool_cavern
Orc:4:    st_orc_rangers, basic_altar, uniq_maud
Elf:1:    minmay_elf_crystal_heptagon
Elf:2:    spider_trap
Elf:3:    minmay_elf_hall_hex, serial_shops, nicolae_shop_statue_plus,
          uniq_louise
Vaults:1: v_misc_23, hangedman_vaults_locks, ontoclasm_vaults_twist,
          nicolae_vaults_theta, v_misc_19, hangedman_vaults_stagger,
          v_pattern_3, sword_in_stone, nicolae_vaults_big_ls, v_misc_24,
          vaults_dpeg_ring, v_misc_4, hangedman_vaults_stretched_pinwheel,
          basic_altar
Vaults:2: hangedman_vaults_river_flow, nicolae_vaults_diagonal_hallway_9,
          v_misc_12, grunt_vaults_diagonal, v_misc_13, v_misc_14,
          grunt_vaults_funnel, uniq_xtahua
Vaults:3: ontoclasm_vaults_misaligned, vaults_room_corners,
          nicolae_vaults_quartermaster, v_misc_24,
          minmay_crypt_entry_simple_box, v_alt_pattern_1, v_alt_pattern_4,
          v_misc_12, hangedman_vaults_corner_blocks, ontoclasm_vaults_gateway,
          hangedman_vaults_capsules, nicolae_vaults_little_squares_3
Vaults:4: hangedman_vaults_nodes, v_misc_8, vaults_dpeg_hooks,
          vaults_mumra_chevron_long, nicolae_vaults_little_squares_1,
          vaults_room_door_ring, v_misc_11, dpeg_vaults_monster_box,
          vaults_mumra_chevron, nicolae_vaults_little_squares_2,
          vaults_room_grid, v_misc_5, v_rooms_4, v_rooms_5, serial_shops,
          nicolae_shop_stone
Crypt:2:  lemuel_elevator, grunt_megastairs_1, uniq_sojobo, uniq_jory
Crypt:3:  cryptofortress_bobbens
Depths:1: dk_noncrumbling_3, pan_entry, pf_coc_iceberg, minmay_misc_feat_five,
          hallowed_hall, uniq_enchantress
Depths:2: minmay_crystal_thing, nicolae_abyss_entry_one_way_or_another,
          hell_entry, serial_sigils_hangedman_scratch, serial_shops, shop,
          mu_enter_wizlab_7
Depths:3: hourglass_vault, kennysheep_doodads, pan_entry, hellmouth_1,
          serial_shops, shop_statue, abyss_entry, infiniplex_staircase_zigzag_1
Depths:4: grunt_runaround, abyss_entry, hell_entry, uniq_frederick
Depths:5: grunt_zot_entry_tricorne, enter_ziggurat_c, serial_curves,
          eino_curves_01, eino_curves_03, pf_hell_entry_tar_river,
          serial_bayou_ford_a, minmay_misc_feat_more_columns, bh_walls_and_bars
Dis:1:    hangedman_dis_decor_blocks_talon
Dis:2:    lemuel_elevator
Dis:6:    grunt_deathspiral_small
Dis:7:    iron_city_of_dis
Geh:3:    lemuel_flamethrower_3
Geh:7:    evilmike_geh
Coc:7:    coc_hangedman
Tar:3:    kb_skeletal_archery
Tar:4:    lemuel_nasty_fountain
Tar:6:    nicolae_tar_cuneiform_two
Tar:7:    tar_mu
Zot:1:    st_stairs_5
Zot:2:    grunt_zot_stairs_overgrown
Abyss:3:  grunt_abyss_rune_twisted_forest, evilmike_abyss_exit_chaos
Pan:      nicolae_pan_glass_arcs, lemuel_hellion_island,
          pan_blood_fountain_small, nicolae_pan_sigil_itan,
          evilmike_mini_pan_doors, nicolae_pan_sigil_eeng,
          nicolae_pan_cerebovesque_2, nicolae_pan_glass_arcs,
          pan_blood_fountain_small, nicolae_pan_sigil_obb,
          nicolae_pan_gloorx_vloqian_1, evilmike_mini_pan_thingy,
          grunt_pan_frozen_over, rand_demon_5, rand_demon_9,
          evilmike_mini_pan_pillars_b, evilmike_mini_pan_3x3,
          nicolae_pan_mnolegish_5, rand_demon_7, uniq_mennas_pan,
          nicolae_pan_lom_lobonic_2, rand_demon_4, evilmike_mini_pan_corridor,
          pan_blood_fountain_small, enter_ziggurat_pan_b,
          evilmike_mini_pan_diamond, rand_demon_8, evilmike_holy_pan,
          evilmike_mini_pan_T, pan_blood_fountain_2,
          evilmike_mini_pan_other_thingy, nicolae_pan_lom_lobonic_2,
          grunt_pan_in_and_out, nicolae_pan_gloorx_vloqian_3,
          lom_lobon_spiral_st, pan_blood_fountain_small, nicolae_pan_hourglass,
          pan_blood_fountain, nicolae_pan_gloorx_vloqian_1,
          nicolae_pan_sigil_itan, evilmike_mini_pan_3x3, pan_blood_fountain,
          evilmike_mini_pan_pillars_b, nicolae_pan_mnolegish_3,
          evilmike_mini_pan_diamond, pan_blood_fountain_2, grunt_pan_pentagram,
          pan_blood_fountain, nicolae_pan_lom_lobonic_1, rand_demon_2,
          nicolae_pan_cerebovesque_2, rand_demon_4, pan_captured_pigsty,
          evilmike_mini_pan_V, mnoleg_st, nicolae_pan_mnolegish_4,
          evilmike_mini_pan_corner, pan_blood_fountain_small, rand_demon_9,
          enter_ziggurat_pan_c, pan_blood_fountain_small,
          nicolae_pan_gloorx_vloqian_3, cerebov, nicolae_pan_glass_arcs,
          evilmike_gloorx_vloq_box, uniq_ignacio
Lab:      nicolae_lab_dead_adventurers, nicolae_lab_hexagon,
          nicolae_lab_very_dead_end, lab_block, labyrinth_skeletal_remains,
          nicolae_lab_statue, nicolae_lab_big_swirl, nicolae_lab_garden
Trove:    trove_garden
Sewer:    sewer_the_crocodile
Volcano:  volcano_tomb
WizLab:   wizlab_iskenderun

Action                   |  1- 3 |  4- 6 |  7- 9 | 10-12 | 13-15 | 16-18 | 19-21 | 22-24 | 25-27 || total
-------------------------+-------+-------+-------+-------+-------+-------+-------+-------+-------++-------
Melee: Hand axe          |    75 |    48 |       |       |       |       |       |       |       ||   123
       War axe           |       |    33 |   292 |   193 |       |       |       |       |       ||   518
       Flail             |       |    10 |       |       |       |       |       |       |       ||    10
       Battleaxe         |       |       |       |   163 |  1331 |  1174 |  1682 |  1650 |  2257 ||  8257
       Executioner's axe |       |       |       |       |       |       |       |       |  7511 ||  7511
 Fire: Shortbow          |    34 |    21 |    98 |    92 |    32 |       |       |       |       ||   277
       Blowgun           |       |     3 |       |       |       |       |       |       |       ||     3
Throw: Stone             |     1 |       |     1 |     1 |       |       |       |       |       ||     3
       Javelin           |       |       |       |       |     5 |       |       |       |    43 ||    48
       Tomahawk          |       |       |       |       |       |       |       |       |     3 ||     3
 Cast: Haste             |       |       |       |       |       |       |       |       |     7 ||     7
       Swiftness         |       |       |       |       |       |       |       |       |     2 ||     2
       Phase Shift       |       |       |       |       |       |       |       |       |     1 ||     1
Invok: Summon Divine War |       |       |       |       |       |     2 |       |       |    17 ||    19
       Divine Shield     |       |       |       |       |       |       |       |       |     2 ||     2
 Abil: Fly               |       |       |       |       |       |     1 |       |       |     5 ||     6
       Stop Flying       |       |       |       |       |       |       |       |       |     5 ||     5
       Evoke Fog         |       |       |       |       |       |       |       |       |    40 ||    40
       Evoke Invisibilit |       |       |       |       |       |       |       |       |     1 ||     1
Evoke: Wand              |       |       |       |       |       |     1 |       |       |    12 ||    13
       Lamp of fire      |       |       |       |       |       |     1 |       |       |     1 ||     2
       Fan of gales      |       |       |       |       |       |       |       |       |     1 ||     1
       Phantom mirror    |       |       |       |       |       |       |       |       |     2 ||     2
  Use: Scroll            |     9 |     7 |    12 |     6 |     7 |     3 |     4 |     8 |    54 ||   110
       Potion            |     1 |       |       |     3 |     1 |     5 |       |     1 |    27 ||    38
 Stab: Distracted        |       |       |       |       |       |       |       |       |     2 ||     2
  Eat: Chunk             |     3 |     4 |    15 |    16 |    37 |    13 |    23 |    23 |    73 ||   207
       Fruit             |       |       |       |       |     1 |     1 |     1 |       |       ||     3
       Beef jerky        |       |       |       |       |     1 |       |     1 |     2 |     6 ||    10
       Meat ration       |       |       |       |       |       |     1 |     1 |       |    15 ||    17
       Bread ration      |       |       |       |       |       |     1 |       |       |     8 ||     9
       Pizza             |       |       |       |       |       |       |       |     2 |     6 ||     8
       Royal jelly       |       |       |       |       |       |       |       |       |     1 ||     1

Table legend:
 A = Turns spent in this place as a percentage of turns spent in the entire game.
 B = Non-inter-level travel turns spent in this place as a percentage of non-inter-level travel turns spent in the entire game.
 C = Inter-level travel turns spent in this place as a percentage of turns spent in this place.
 D = Turns resting spent in this place as a percentage of non-inter-level travel turns spent in this place.
 E = Turns spent auto-exploring this place as a percentage of non-inter-level travel turns spent in this place.
 F = Non-inter-level travel turns spent in this place divided by the number of levels of this place that you've seen.
                   A       B       C       D       E      F
               +-------+-------+-------+-------+-------+----------------------
         Total | 100.0 | 100.0 |   0.5 |   1.2 |   3.0 | 402.4
       Dungeon |  11.0 |  10.9 |   1.2 |   0.4 |   4.9 | 408.4
        Temple |   0.1 |   0.1 |   2.2 |   0.0 |  22.2 |  45.0
          Lair |   8.4 |   8.3 |   1.2 |   0.4 |   3.7 | 584.2
         Swamp |   2.6 |   2.6 |   0.3 |   0.2 |   5.3 | 366.8
     Snake Pit |   4.2 |   4.2 |   0.5 |   0.3 |   4.3 | 589.5
    Slime Pits |   1.8 |   1.8 |   0.1 |   4.7 |   0.1 | 166.3
  Orcish Mines |   2.6 |   2.6 |   0.5 |   0.4 |   3.4 | 370.5
   Elven Halls |   4.6 |   4.6 |   0.3 |   1.0 |   2.2 | 857.7
        Vaults |   8.8 |   8.8 |   0.4 |   0.5 |   2.3 | 992.4
         Crypt |   3.5 |   3.5 |   0.6 |   0.4 |   4.3 | 664.7
          Tomb |   4.8 |   4.8 |   0.7 |   3.0 |   0.7 | 906.0
        Depths |   7.4 |   7.4 |   0.6 |   1.5 |   3.1 | 837.0
          Hell |   0.8 |   0.8 |   1.1 |   1.1 |   2.0 | 443.0
           Dis |   3.2 |   3.2 |   0.1 |   2.1 |   1.9 | 254.9
       Gehenna |   3.7 |   3.7 |   0.3 |   1.8 |   1.9 | 295.3
       Cocytus |   3.0 |   3.0 |   0.1 |   1.3 |   2.9 | 243.6
      Tartarus |   3.2 |   3.3 |   0.2 |   0.3 |   7.2 | 261.6
           Zot |   4.0 |   4.0 |   0.5 |   1.3 |   4.7 | 449.8
         Abyss |   4.2 |   4.2 |   0.0 |   0.3 |   0.0 | 394.7
   Pandemonium |  16.0 |  16.1 |   0.0 |   2.3 |   2.1 | 266.9
     Labyrinth |   0.4 |   0.4 |   0.0 |   0.8 |   0.0 | 251.0
         Trove |   0.3 |   0.3 |   0.0 |   0.0 |   0.0 | 152.0
         Sewer |   0.1 |   0.1 |   0.0 |   0.0 |   5.5 |  55.0
       Volcano |   0.4 |   0.4 |   0.0 |   0.0 |   0.4 | 240.0
        Wizlab |   0.9 |   0.9 |   0.0 |   2.3 |   0.4 | 533.0
               +-------+-------+-------+-------+-------+----------------------

Vault maps used:
D:1:      nicolae_arrival_washed_ashore, grunt_decor_resistance, hex_large,
          st_stairs_10
D:2:      kennysheep_six_static_rooms, uniq_sigmund
D:3:      first_bread, serial_bayou_crossing
D:4:      grunt_temple_overflow_lords_of_destruction,
          nicolae_overflow_hidden_temple, serial_shops, nicolae_shop_statue_plus
D:5:      wad_lake_hut, minmay_temple_entry_trees, serial_co_window_serial,
          co_window_paths_a, co_window_paths_a, co_window_corner_a,
          co_window_paths_a, co_window_paths_a, co_window_corner_ca,
          co_window_corner_b, co_window_unsneaky_path_e,
          co_window_unsneaky_path_b, co_window_corner_b, co_window_corner_b,
          co_window_of_opportunity_b, glass_columns_b, glass_columns_b,
          glass_columns_c, glass_columns_c, glass_columns_a, uniq_eustachio,
          uniq_blork_the_orc
D:6:      basic_altar, gup_sewer_entry_bowl, uniq_edmund
D:7:      serial_shops, shop_fountains, shop, basic_altar, dk_yredelemnul_ordeal
D:8:      grunt_temple_overflow_open, uniq_grum
D:9:      due_lair_maze_entry_diamond, uniq_psyche
D:10:     serial_shops, nicolae_shop_statue_plus
D:11:     nicolae_trove_entry_free_sample
D:12:     david_orc_5, hangedman_ranch, minmay_strange_pillars,
          grunt_dithmenos_shadows
D:13:     einodemon_barbed_minivault, uniq_urug, uniq_sonja, uniq_josephine
D:14:     grunt_vaults_entry_tiered, serial_park_tiny_1,
          grunt_decor_mini_mirrors
D:15:     grunt_enter_depths_giant_problem, nicolae_wwwww, uniq_kirke,
          uniq_azrael
Temple:   water_room_temple_b_12
Lair:1:   portal_ice_cave_entry_imps, basic_altar, serial_forest,
          infiniplex_forest_end_1, infiniplex_forest_fountain,
          infiniplex_forest_straight_2, infiniplex_forest_zigzag_1,
          infiniplex_forest_clump_curved, infiniplex_forest_lined_ring,
          infiniplex_forest_lined_room_2, infiniplex_forest_corner_1,
          infiniplex_forest_clump_medium, grunt_megastairs_2, uniq_harold
Lair:3:   lab_entry_generic, wad_woods_road_04
Lair:4:   mu_elephants_graveyard, nicolae_swamp_entry_splash_gauntlet
Lair:5:   enter_volcano_4
Lair:7:   slime_altar_1, serial_bayou_shore_b
Lair:8:   hangedman_lair_in_review, wormcave
Swamp:1:  nicolae_swamp_triple_paths, swamp_pool5, infiniplex_staircase_pool
Swamp:2:  nicolae_swamp_trees_clearing, swamp_pool1
Swamp:3:  nicolae_swamp_fairy_circle, uniq_donald, uniq_nikola
Swamp:4:  swamp_vile, uniq_mara
Snake:1:  serial_bayou_shore_b
Snake:2:  grunt_megastairs_4, basic_stair_grate_trap, serial_bayou_shore_a,
          lemuel_fruit_tree, uniq_aizul
Snake:3:  serial_shops, shop, st_stairs_9, spider_trap, uniq_vashnia,
          uniq_saint_roka
Snake:4:  grunt_snake_rune_spirals
Slime:3:  nicolae_slime_phagocytosis
Orc:2:    uniq_fannar
Orc:3:    serial_shops, shop, nicolae_orc_pool_cavern
Orc:4:    st_orc_rangers, basic_altar, uniq_maud
Elf:1:    minmay_elf_crystal_heptagon
Elf:2:    spider_trap
Elf:3:    minmay_elf_hall_hex, serial_shops, nicolae_shop_statue_plus,
          uniq_louise
Vaults:1: v_misc_23, hangedman_vaults_locks, ontoclasm_vaults_twist,
          nicolae_vaults_theta, v_misc_19, hangedman_vaults_stagger,
          v_pattern_3, sword_in_stone, nicolae_vaults_big_ls, v_misc_24,
          vaults_dpeg_ring, v_misc_4, hangedman_vaults_stretched_pinwheel,
          basic_altar
Vaults:2: hangedman_vaults_river_flow, nicolae_vaults_diagonal_hallway_9,
          v_misc_12, grunt_vaults_diagonal, v_misc_13, v_misc_14,
          grunt_vaults_funnel, uniq_xtahua
Vaults:3: ontoclasm_vaults_misaligned, vaults_room_corners,
          nicolae_vaults_quartermaster, v_misc_24,
          minmay_crypt_entry_simple_box, v_alt_pattern_1, v_alt_pattern_4,
          v_misc_12, hangedman_vaults_corner_blocks, ontoclasm_vaults_gateway,
          hangedman_vaults_capsules, nicolae_vaults_little_squares_3
Vaults:4: hangedman_vaults_nodes, v_misc_8, vaults_dpeg_hooks,
          vaults_mumra_chevron_long, nicolae_vaults_little_squares_1,
          vaults_room_door_ring, v_misc_11, dpeg_vaults_monster_box,
          vaults_mumra_chevron, nicolae_vaults_little_squares_2,
          vaults_room_grid, v_misc_5, v_rooms_4, v_rooms_5, serial_shops,
          nicolae_shop_stone
Crypt:2:  lemuel_elevator, grunt_megastairs_1, uniq_sojobo, uniq_jory
Crypt:3:  cryptofortress_bobbens
Depths:1: dk_noncrumbling_3, pan_entry, pf_coc_iceberg, minmay_misc_feat_five,
          hallowed_hall, uniq_enchantress
Depths:2: minmay_crystal_thing, nicolae_abyss_entry_one_way_or_another,
          hell_entry, serial_sigils_hangedman_scratch, serial_shops, shop,
          mu_enter_wizlab_7
Depths:3: hourglass_vault, kennysheep_doodads, pan_entry, hellmouth_1,
          serial_shops, shop_statue, abyss_entry, infiniplex_staircase_zigzag_1
Depths:4: grunt_runaround, abyss_entry, hell_entry, uniq_frederick
Depths:5: grunt_zot_entry_tricorne, enter_ziggurat_c, serial_curves,
          eino_curves_01, eino_curves_03, pf_hell_entry_tar_river,
          serial_bayou_ford_a, minmay_misc_feat_more_columns, bh_walls_and_bars
Dis:1:    hangedman_dis_decor_blocks_talon
Dis:2:    lemuel_elevator
Dis:6:    grunt_deathspiral_small
Dis:7:    iron_city_of_dis
Geh:3:    lemuel_flamethrower_3
Geh:7:    evilmike_geh
Coc:7:    coc_hangedman
Tar:3:    kb_skeletal_archery
Tar:4:    lemuel_nasty_fountain
Tar:6:    nicolae_tar_cuneiform_two
Tar:7:    tar_mu
Zot:1:    st_stairs_5
Zot:2:    grunt_zot_stairs_overgrown
Abyss:3:  grunt_abyss_rune_twisted_forest, evilmike_abyss_exit_chaos
Pan:      nicolae_pan_glass_arcs, lemuel_hellion_island,
          pan_blood_fountain_small, nicolae_pan_sigil_itan,
          evilmike_mini_pan_doors, nicolae_pan_sigil_eeng,
          nicolae_pan_cerebovesque_2, nicolae_pan_glass_arcs,
          pan_blood_fountain_small, nicolae_pan_sigil_obb,
          nicolae_pan_gloorx_vloqian_1, evilmike_mini_pan_thingy,
          grunt_pan_frozen_over, rand_demon_5, rand_demon_9,
          evilmike_mini_pan_pillars_b, evilmike_mini_pan_3x3,
          nicolae_pan_mnolegish_5, rand_demon_7, uniq_mennas_pan,
          nicolae_pan_lom_lobonic_2, rand_demon_4, evilmike_mini_pan_corridor,
          pan_blood_fountain_small, enter_ziggurat_pan_b,
          evilmike_mini_pan_diamond, rand_demon_8, evilmike_holy_pan,
          evilmike_mini_pan_T, pan_blood_fountain_2,
          evilmike_mini_pan_other_thingy, nicolae_pan_lom_lobonic_2,
          grunt_pan_in_and_out, nicolae_pan_gloorx_vloqian_3,
          lom_lobon_spiral_st, pan_blood_fountain_small, nicolae_pan_hourglass,
          pan_blood_fountain, nicolae_pan_gloorx_vloqian_1,
          nicolae_pan_sigil_itan, evilmike_mini_pan_3x3, pan_blood_fountain,
          evilmike_mini_pan_pillars_b, nicolae_pan_mnolegish_3,
          evilmike_mini_pan_diamond, pan_blood_fountain_2, grunt_pan_pentagram,
          pan_blood_fountain, nicolae_pan_lom_lobonic_1, rand_demon_2,
          nicolae_pan_cerebovesque_2, rand_demon_4, pan_captured_pigsty,
          evilmike_mini_pan_V, mnoleg_st, nicolae_pan_mnolegish_4,
          evilmike_mini_pan_corner, pan_blood_fountain_small, rand_demon_9,
          enter_ziggurat_pan_c, pan_blood_fountain_small,
          nicolae_pan_gloorx_vloqian_3, cerebov, nicolae_pan_glass_arcs,
          evilmike_gloorx_vloq_box, uniq_ignacio
Lab:      nicolae_lab_dead_adventurers, nicolae_lab_hexagon,
          nicolae_lab_very_dead_end, lab_block, labyrinth_skeletal_remains,
          nicolae_lab_statue, nicolae_lab_big_swirl, nicolae_lab_garden
Trove:    trove_garden
Sewer:    sewer_the_crocodile
Volcano:  volcano_tomb
WizLab:   wizlab_iskenderun
